Workbook

Sheet 54 67 68 70 88 90 
A1: raison_sociale | B1: siren | C1: adresse_postale_code_postal | D1: tel
A2: AJB FORMATION | B2: 529072738 | C2: 67100 | D2: =IFERROR(VLOOKUP(A2,Feuil1!$A$2:$B$33,2),"Pas de correspondance") -> 03 88 65 77 14 , 07 77 93 94 38
A3: CAMMAE | B3: 799298674 | C3: 70100 | D3: =IFERROR(VLOOKUP(A3,Feuil1!$A$2:$B$33,2),"Pas de correspondance") -> 03 88 65 77 14 , 07 77 93 94 38
A4: ACADEMY FORM & MOI | B4: 828634758 | C4: 68110 | D4: =IFERROR(VLOOKUP(A4,Feuil1!$A$2:$B$33,2),"Pas de correspondance") -> Pas de correspondance
A5: ACB SARL FORMATION | B5: 488114810 | C5: 68170 | D5: =IFERROR(VLOOKUP(A5,Feuil1!$A$2:$B$33,2),"Pas de correspondance") -> Pas de correspondance
A6: AETCI NORD EST | B6: 809200702 | C6: 68350 | D6: =IFERROR(VLOOKUP(A6,Feuil1!$A$2:$B$33,2),"Pas de correspondance") -> Pas de correspondance
A7: AJ SOLUTIONS | B7: 452339898 | C7: 68127 | D7: =IFERROR(VLOOKUP(A7,Feuil1!$A$2:$B$33,2),"Pas de correspondance") -> Pas de correspondance
A8: AKULOG INDUSTRIES | B8: 521364125 | C8: 68800 | D8: =IFERROR(VLOOKUP(A8,Feuil1!$A$2:$B$33,2),"Pas de correspondance") -> 03 88 65 77 14 , 07 77 93 94 38
A9: ALSAGO | B9: 824225668 | C9: 68440 | D9: =IFERROR(VLOOKUP(A9,Feuil1!$A$2:$B$33,2),"Pas de correspondance") -> 03 88 65 77 14 , 07 77 93 94 38
A10: APPUIFORMATION | B10: 822674552 | C10: 68200 | D10: =IFERROR(VLOOKUP(A10,Feuil1!$A$2:$B$33,2),"Pas de correspondance") -> 03 88 65 77 14 , 07 77 93 94 38
A11: ASSOCIATION DEPARTEMENTALE DE PROTECTION CIVILE DU HAUT-RHIN | B11: 350394987 | C11: 68870 | D11: =IFERROR(VLOOKUP(A11,Feuil1!$A$2:$B$33,2),"Pas de correspondance") -> 03 88 65 77 14 , 07 77 93 94 38
A12: ASSOCIATION G7 | B12: 378754907 | C12: 68100 | D12: =IFERROR(VLOOKUP(A12,Feuil1!$A$2:$B$33,2),"Pas de correspondance") -> 03 88 65 77 14 , 07 77 93 94 38
A13: ASSOCIATION LA CLEF | B13: 402263966 | C13: 68870 | D13: =IFERROR(VLOOKUP(A13,Feuil1!$A$2:$B$33,2),"Pas de correspondance") -> 03 88 65 77 14 , 07 77 93 94 38
... A15: ASSOCIATION OF ENGLISH DISCOVERY | B15: 822164901 | C15: 68440 | D15: =IFERROR(VLOOKUP(A15,Feuil1!$A$2:$B$33,2),"Pas de correspondance") -> 03 88 65 77 14 , 07 77 93 94 38
A16: ASSOCIATION POUR LA FETE DE L'EAU A WATTWILLER | B16: 421769647 | C16: 68700
A17: ASSOCIATION REAGIR | B17: 335231817 | C17: 68110
A18: Association R√©gionale pour l'Am√©lioration des Conditions de Travail - ARACT GRAND EST | B18: 824821789 | C18: 68000
A19: ATRISC | B19: 519288757 | C19: 68920
A20: AUTO ECOLE AVENIR | B20: 388135477 | C20: 68200
A21: AUTO ECOLE BARBERIO-FLIEG | B21: 434275186 | C21: 68500
A22: AUTO ECOLE SANDRA | B22: 509227724 | C22: 68470
A23: AUTO ECOLE VEGA | B23: 834503484 | C23: 68170
A24: AUTO MOTO BATEAU ECOLE VAUBAN | B24: 377995287 | C24: 68600
A25: BEATRICE FOUCAULT | B25: 510900392 | C25: 68000
A26: BE CONSEIL - BRUNO ESTEVE | B26: 527583785 | C26: 68127
A27: BELIMED SAS | B27: 434446514 | C27: 68390
... A194: ALSACE QUALITE | B194: 387507148 | C194: 67300
A195: ALSA COACHING ET CONSEIL GRAZIELLA TORNICELLI | B195: 452465909 | C195: 67205 OBERHAUSBERGEN
A196: ALSAFORMATIONSECURITE | B196: 529434995 | C196: 67230
A197: ANAKA CONSULTING | B197: 825021090 | C197: 67000
A198: ANIMAL'HOM | B198: 804785632 | C198: 67170
A199: ANNE MARIE DIOUF | B199: 752274068 | C199: 67000
A200: ANNICET MOUNTARO ANNICET M CONSULTANT | B200: 478690100 | C200: 67150
A201: ANTOINE GEORGES SADOWSKI | B201: 538461880 | C201: 67000
A202: A.P.M.S.A. Grand Est | B202: 501055941 | C202: 67200
A203: APOSTROPHE FLE Aline RAPP EIRL | B203: 788493237 | C203: 67200
A204: APPLIGOS | B204: 378440044 | C204: 67100
A205: APPYTECH INFORMATIQUE | B205: 842653396 | C205: 67118
A206: A PROPOS SAS | B206: 410692446 | C206: 67400
A207: AREAL | B207: 383068772 | C207: 67460
... A647: D AND B FORMATIONS | B647: 479686362 | C647: 54270
A648: DAVID CATHERINE | B648: 439690231 | C648: 54000 NANCY
A649: DELHOMME FORMATION CONSEIL | B649: 832341028 | C649: 54210
A650: DEVELOPTIS | B650: 809794613 | C650: 54220
A651: DIGIPEPSS | B651: 839487279 | C651: 54700
A652: DIMENSION | B652: 850743519 | C652: 54000
A653: DLMC TECHNOLOGIES | B653: 811987551 | C653: 54000
A654: DOCHLER ELISABETH ELICILS | B654: 533865424 | C654: 54520
A655: DRIVE ECOLE DE CONDUITE | B655: 819474511 | C655: 54000
A656: DSDH FORMATION | B656: 789308376 | C656: 54760
A657: DYNAPSE | B657: 802821827 | C657: 54320
A658: EASY COMPUTER | B658: 395175607 | C658: 54500
A659: ECF AGENCE ERNEST | B659: 409420577 | C659: 54000
A660: EFR FORMA PRESTA | B660: 803498740 | C660: 54170
... A741: MADDALON FRERES | B741: 378878086 | C741: 54121
A742: MAGALI MARRO | B742: 840092506 | C742: 54230 CHAVIGNY
A743: MAIRE FABIEN - AUTO ECOLE A PLUS | B743: 528416522 | C743: 54110
A744: MAITRE VALERIE BACH WASSERMANN | B744: 353661812 | C744: 54000
A745: MANAGEMENT ET PERFORMANCE | B745: 384015079 | C745: 54500
A746: MANUEL DARTOIS (MDFORMAPROD) | B746: 534763057 | C746: 54110
A747: MARTINE BIHR | B747: 494612161 | C747: 54500
A748: MAXIME BRONNER | B748: 812695534 | C748: 54140
A749: MDZ DELEVALLEZ MURIEL | B749: 442584702 | C749: 54160
A750: MESHWORK | B750: 803946540 | C750: 54600
A751: MICRO 6 | B751: 349540526 | C751: 54600
A752: MJC ETOILE CENTRE INFORMATIQUE ESCAPE | B752: 318403748 | C752: 54503
A753: MJC LORRAINE | B753: 315669473 | C753: 54512
A754: MOKRY BIANCHI DOMINIQUE | B754: 508146602 | C754: 54320
... A927: AUTO ECOLE CL2S | B927: 800411290 | C927: 88350
A928: AUTO ECOLE MGF MICHEL GEORGES FORMATION | B928: 340639574 | C928: 88100 SAINT DIE DES VOSGES
A929: BENOIT SIDEL - NUTRI PARTENAIRE | B929: 483193876 | C929: 88600
A930: BRECHE AUTO ECOLE FRANCAISE | B930: 452236821 | C930: 88200
A931: CARLY SECURITE INCENDIE | B931: 529104903 | C931: 88530
A932: CENTRE DE FORMATION PROFESSIONNELLE HORTICOLE | B932: 783469794 | C932: 88700
A933: CENTRE HOSPITALIER INTERCOMMUNAL DE L'OUEST VOSGIEN | B933: 200033082 | C933: 88307
A934: CENTRE INTERNAT. SCIENCES ET CLINIQUES ORTHODONTIQUES CISCO | B934: 511466625 | C934: 88000
A935: CHAMBRE D AGRICULTURE DES VOSGES | B935: 188822035 | C935: 88026
A936: CHAMBRE DE METIERS ET DE L'ARTISANAT DES VOSGES | B936: 188822043 | C936: 88060
A937: CHOSEROT ALAIN ACQT | B937: 433183167 | C937: 88600
A938: CL2 | B938: 501842298 | C938: 88100
A939: CONSEIL DEPARTEMENTAL DES VOSGES/LABORATOIRE VETERINAIRE ET ALIMENTAIRE DES VOSGES | B939: 228800017 | C939: 88000
A940: DANIELLE IDOUX | B940: 823667944 | C940: 88110
... A1076: WALTER JEAN LUC - COLD FORMING | B1076: 813607660 | C1076: 90100

Sheet Feuil1
A1: Nom | B1: Numéro | C1: Numéro | D1: Code postale | E1: Type
A2: AJB FORMATION | B2: 03 88 65 77 14 , 07 77 93 94 38 | C2: 03 88 65 77 14 , 07 77 93 94 38 | D2: 67100STRASBOURG | E2: formation continue , ,Prestations : ,Formation CACES, sécurité au travail, developpement personnel, Chariots automoteurs √† conducteur porté R 389, Plates formes élévatrices mobiles de personnel (nacelles) R 386, Grue auxiliaire de chargement R 390, Engins de chantier R 372M, Conduite des ponts roulants, portiques et semi-portique √† commande, Sauveteur Secouriste du travail (S.S.T), Sécurité Incendie, manipulation d'extincteurs, Formation des membres du CHSCT, Habilitations électriques, Evaluation des risques professionnels, HACCP, formation de cariste, formation en sécurité, formation en sécurité incendie, formation caces | F2: [] | G2: https:https://www.pagesjaunes.fr/media/cviv/53277102-5ba1f7f799489026ef0c89950be4a8c9?w=140&h=140&crop=true | I2: [] | J2: https://www.pagesjaunes.fr/pros/detail?bloc_id=FCP53277102700002C0001&no_sequence=1&code_rubrique=64101300 | L2: https://www.pagesjaunes.fr/annuaire/region/alsace/formation?quoiqui=formation&ou=Alsace&univers=pagesjaunes&idOu=R42&ouSaisi=alsace&ouNbCar=6&quiQuoiNbCar=&acOuSollicitee=1&rangOu=2&sourceOu=TOP&typeOu=Region&nbPropositionOuTop=5&nbPropositionOuHisto=0&acQuiQuoiSollicitee=1&rangQuiQuoi=1&sourceQuiQuoi=HISTORIQUE&typeQuiQuoi=1&idQuiQuoi=7557d667d1b009608ae6f65adb67d363&nbPropositionQuiQuoiTop=0&nbPropositionQuiQuoiHisto=1&nbPropositionQuiQuoiGeo=0&page=1 | M2: https://www.ajbformation.com | N2: 2020-01-29T10:23:15.501702 | O2: pages-jaunes-search
A3: CENTRE DE FORMATION D'APPRENTIS DE L'ARTISANAT (CFAA) | B3: 03 89 33 18 90 , 03 89 42 16 43 , 03 89 33 22 98 | C3: 03 89 33 18 90 , 03 89 42 16 43 , 03 89 33 22 98 | D3: 68200MULHOUSE | E3: apprentissage , ,Prestations : ,Centre de formation d'apprentis (C.F.A.), Formation en apprentissage, Formation en alternance, Contrat de professionnalisation, Formation pour adultes | F3: [] | G3: https:https://www.pagesjaunes.fr/media/vignette/AAABBEQENOI0-C10003.gif?w=140&h=140&crop=true | I3: [] | J3: https://www.pagesjaunes.fr/pros/00270726 | L3: https://www.pagesjaunes.fr/annuaire/region/alsace/formation?quoiqui=formation&ou=Alsace&univers=pagesjaunes&idOu=R42&ouSaisi=alsace&ouNbCar=6&quiQuoiNbCar=&acOuSollicitee=1&rangOu=2&sourceOu=TOP&typeOu=Region&nbPropositionOuTop=5&nbPropositionOuHisto=0&acQuiQuoiSollicitee=1&rangQuiQuoi=1&sourceQuiQuoi=HISTORIQUE&typeQuiQuoi=1&idQuiQuoi=7557d667d1b009608ae6f65adb67d363&nbPropositionQuiQuoiTop=0&nbPropositionQuiQuoiHisto=1&nbPropositionQuiQuoiGeo=0&page=1 | M3: http://www.cfaa-mulhouse.fr | N3: 2020-01-29T10:23:15.571349 | O3: pages-jaunes-search
A4: IREPA | B4: 03 88 49 99 49 , 03 88 49 99 48 , 03 88 49 99 20 | C4: 03 88 49 99 49 , 03 88 49 99 48 , 03 88 49 99 20 | D4: CS 50203 | E4: 67212OBERNAI CEDEX | F4: formation professionnelle , ,Prestations : ,Enseignement public général, Enseignement public professionnel, Contrat d'apprentissage, Formation pour adultes, Formation dipl√¥mante, Production : agricole, viticole ou horticole, Paysage : espaces verts, Eau : gestion de l'eau, Cheval : équitation, centre équestre, Biodynamie : agriculture biodynamique | G4: [] | I4: Lycée Agricole | J4: 03 88 49 99 49 , 03 88 49 99 48 , 03 88 49 99 20 | M4: https://www.pagesjaunes.fr/annuaire/region/alsace/formation?quoiqui=formation&ou=Alsace&univers=pagesjaunes&idOu=R42&ouSaisi=alsace&ouNbCar=6&quiQuoiNbCar=&acOuSollicitee=1&rangOu=2&sourceOu=TOP&typeOu=Region&nbPropositionOuTop=5&nbPropositionOuHisto=0&acQuiQuoiSollicitee=1&rangQuiQuoi=1&sourceQuiQuoi=HISTORIQUE&typeQuiQuoi=1&idQuiQuoi=7557d667d1b009608ae6f65adb67d363&nbPropositionQuiQuoiTop=0&nbPropositionQuiQuoiHisto=1&nbPropositionQuiQuoiGeo=0&page=1 | N4: http://epl67.fr/ | O4: 2020-01-29T10:23:15.588610 | P4: pages-jaunes-search
A5: CCI CAMPUS | B5: 03 68 67 20 00 | C5: 03 68 67 20 00 | D5: 67021STRASBOURG CEDEX 1 | E5: formation professionnelle , ,Prestations : ,Formation continue, certifiante, courte, en alternance, Validation des Acquis de l'Expérience (VAE), individualisation des parcours, Ecole de managers, informatique, de gestion, de commerce, centre de formation en alternance, Apprentissage, centre de formation pour adulte, formation en alternance, formation en bureautique, formation en assurances, formation continue en comptabilité, formation continue en management, organisme de formation pour adulte, organisme de formation continue, formation professionnelle continue, organisme de formation professionnelle, formation en langue étrangère, formation en pao, formation qualifiante, formation en développement web, formation de web designer, formation en communication, formation en hygiène alimentaire, formation par correspondance, formation en ligne, bilan de compétence, maison familiale rurale, formation continue en marketing | F5: [] | G5: https:https://www.pagesjaunes.fr/media/vignette/AAASPDPM1ETB-C10003.gif?w=140&h=140&crop=true | I5: [] | J5: https://www.pagesjaunes.fr/pros/00525589 | L5: https://www.pagesjaunes.fr/annuaire/region/alsace/formation?quoiqui=formation&ou=Alsace&univers=pagesjaunes&idOu=R42&ouSaisi=alsace&ouNbCar=6&quiQuoiNbCar=&acOuSollicitee=1&rangOu=2&sourceOu=TOP&typeOu=Region&nbPropositionOuTop=5&nbPropositionOuHisto=0&acQuiQuoiSollicitee=1&rangQuiQuoi=1&sourceQuiQuoi=HISTORIQUE&typeQuiQuoi=1&idQuiQuoi=7557d667d1b009608ae6f65adb67d363&nbPropositionQuiQuoiTop=0&nbPropositionQuiQuoiHisto=1&nbPropositionQuiQuoiGeo=0&page=1 | M5: http://www.ccicampus.fr | N5: 2020-01-29T10:23:15.606081 | O5: pages-jaunes-search
A6: GO FORMATIONS | B6: 03 88 48 88 48 , 03 88 04 59 67 | C6: 03 88 48 88 48 , 03 88 04 59 67 | D6: 67210OBERNAI | E6: formation continue, formation professionnelle , ,Prestations : ,Certificat d'aptitude √† la conduite en sécurité (CACES), Sécurité au travail, Formation Sauveteur Secouriste du travail (SST), Formation continue, Formation professionnelle, Formation √† l'utilisation de ponts roulants, Formation transport, FIMO, permis poids lourds, FCO, Formation échafaudage, Devis gratuits | F6: [] | G6: https:https://www.pagesjaunes.fr/media/vignette/AAAKBERUUEK2-C10006.gif?w=140&h=140&crop=true | I6: [] | J6: https://www.pagesjaunes.fr/pros/54270243 | L6: https://www.pagesjaunes.fr/annuaire/region/alsace/formation?quoiqui=formation&ou=Alsace&univers=pagesjaunes&idOu=R42&ouSaisi=alsace&ouNbCar=6&quiQuoiNbCar=&acOuSollicitee=1&rangOu=2&sourceOu=TOP&typeOu=Region&nbPropositionOuTop=5&nbPropositionOuHisto=0&acQuiQuoiSollicitee=1&rangQuiQuoi=1&sourceQuiQuoi=HISTORIQUE&typeQuiQuoi=1&idQuiQuoi=7557d667d1b009608ae6f65adb67d363&nbPropositionQuiQuoiTop=0&nbPropositionQuiQuoiHisto=1&nbPropositionQuiQuoiGeo=0&page=1 | M6: [] | N6: 2020-01-29T10:23:15.623390 | O6: pages-jaunes-search
A7: I.R.F.A EST | B7: 03 89 43 99 50 , 03 89 43 99 51 , 03 67 35 17 41 | C7: 03 89 43 99 50 , 03 89 43 99 51 , 03 67 35 17 41 | D7: 68200MULHOUSE | E7: formation professionnelle , ,Prestations : ,Formation continue, formation en alternance, Formation pour adultes, Formation pour les demandeurs d'emploi, Formation dans l'aide √† la personne, Formation pour les infirmières libérales, Formation pour les structures d'insertion, Formation √† la retraite, BTS Négociation Digitalisation et Relation Clients, BTS Management des Unités Commerciales, BTS Manager des Unités Marchandes, Titre pro employé commercial en magasin, Titre pro vendeur conseil en magasin, Titre pro propreté, Contrat de Professionnalisation de Propreté, formation professionnelle continue, DEAES, BTS en alternance, compte personnel de formation | F7: [] | G7: https:https://www.pagesjaunes.fr/media/vignette/AAAFCFIX0G1D-C10002.gif?w=140&h=140&crop=true | I7: [] | J7: https://www.pagesjaunes.fr/pros/01872192 | L7: https://www.pagesjaunes.fr/annuaire/region/alsace/formation?quoiqui=formation&ou=Alsace&univers=pagesjaunes&idOu=R42&ouSaisi=alsace&ouNbCar=6&quiQuoiNbCar=&acOuSollicitee=1&rangOu=2&sourceOu=TOP&typeOu=Region&nbPropositionOuTop=5&nbPropositionOuHisto=0&acQuiQuoiSollicitee=1&rangQuiQuoi=1&sourceQuiQuoi=HISTORIQUE&typeQuiQuoi=1&idQuiQuoi=7557d667d1b009608ae6f65adb67d363&nbPropositionQuiQuoiTop=0&nbPropositionQuiQuoiHisto=1&nbPropositionQuiQuoiGeo=0&page=1 | M7: http://www.irfa-est.fr | N7: 2020-01-29T10:23:15.641500 | O7: pages-jaunes-search
A8: L'EDIAC FORMATIONS | B8: 03 88 14 42 90 | C8: 03 88 14 42 90 | D8: 67100STRASBOURG | E8: formation continue, formation professionnelle, enseignement : social, paramédical, apprentissage, cours par correspondance, enseignement √† distance , ,Prestations : ,formation en alternance, formation en petite enfance, formation pour adulte, centre de formation continue, formation sanitaire et sociale, centre de formation en alternance | F8: [] | G8: https:https://www.pagesjaunes.fr/media/cviv/07765226-d6ed518bd7d93d6394e77139c619912c?w=140&h=140&crop=true | I8: [] | J8: https://www.pagesjaunes.fr/pros/detail?bloc_id=FCP07765226700002C0001&no_sequence=1&code_rubrique=64101300 | L8: https://www.pagesjaunes.fr/annuaire/region/alsace/formation?quoiqui=formation&ou=Alsace&univers=pagesjaunes&idOu=R42&ouSaisi=alsace&ouNbCar=6&quiQuoiNbCar=&acOuSollicitee=1&rangOu=2&sourceOu=TOP&typeOu=Region&nbPropositionOuTop=5&nbPropositionOuHisto=0&acQuiQuoiSollicitee=1&rangQuiQuoi=1&sourceQuiQuoi=HISTORIQUE&typeQuiQuoi=1&idQuiQuoi=7557d667d1b009608ae6f65adb67d363&nbPropositionQuiQuoiTop=0&nbPropositionQuiQuoiHisto=1&nbPropositionQuiQuoiGeo=0&page=1 | M8: http://www.facebook.com/DIACONESSES | N8: 2020-01-29T10:23:15.659219 | O8: pages-jaunes-search
A9: ESEIS | B9: 03 88 18 61 31 , 03 88 18 61 30 | C9: 03 88 18 61 31 , 03 88 18 61 30 | D9: 67300SCHILTIGHEIM | E9: formation continue , ,Prestations : ,Formation au travail éducatif et social, Formation sanitaire, sociale et médico-sociale, Formation dipl√¥mante, Préparation aux concours, Apprentissage, VAE, Bilans de compétences, Stages de formation, formation pour adulte, centre de formation en alternance, formation en alternance, formation d'auxiliaire de vie, organisme de formation professionnelle, formation pour adulte handicapé, formation aide √† domicile | F9: [] | G9: https:https://www.pagesjaunes.fr/media/vignette/AAABBEPAVCOX-C10003.gif?w=140&h=140&crop=true | I9: [] | J9: https://www.pagesjaunes.fr/pros/detail?bloc_id=00705740000003C0001&no_sequence=1&code_rubrique=64101300 | L9: https://www.pagesjaunes.fr/annuaire/region/alsace/formation?quoiqui=formation&ou=Alsace&univers=pagesjaunes&idOu=R42&ouSaisi=alsace&ouNbCar=6&quiQuoiNbCar=&acOuSollicitee=1&rangOu=2&sourceOu=TOP&typeOu=Region&nbPropositionOuTop=5&nbPropositionOuHisto=0&acQuiQuoiSollicitee=1&rangQuiQuoi=1&sourceQuiQuoi=HISTORIQUE&typeQuiQuoi=1&idQuiQuoi=7557d667d1b009608ae6f65adb67d363&nbPropositionQuiQuoiTop=0&nbPropositionQuiQuoiHisto=1&nbPropositionQuiQuoiGeo=0&page=1 | M9: http://www.eseis-afris.eu | N9: 2020-01-29T10:23:15.676034 | O9: pages-jaunes-search
A10: HTTPS:HTTPS://WWW.PAGESJAUNES.FR/MEDIA/VIGNETTE/AAASPDPM1ETB-C10005.GIF?W=140&H=140&CROP=TRUE | B10: =L10 -> 03 68 67 20 00 | C10: =M10 -> https://www.pagesjaunes.fr/annuaire/region/alsace/formation?quoiqui=formation&ou=Alsace&univers=pagesjaunes&idOu=R42&ouSaisi=alsace&ouNbCar=6&quiQuoiNbCar=&acOuSollicitee=1&rangOu=2&sourceOu=TOP&typeOu=Region&nbPropositionOuTop=5&nbPropositionOuHisto=0&acQuiQuoiSollicitee=1&rangQuiQuoi=1&sourceQuiQuoi=HISTORIQUE&typeQuiQuoi=1&idQuiQuoi=7557d667d1b009608ae6f65adb67d363&nbPropositionQuiQuoiTop=0&nbPropositionQuiQuoiHisto=1&nbPropositionQuiQuoiGeo=0&page=1 | D10: CS 40007 | E10: 68001COLMAR CEDEX | F10: formation continue , ,Prestations : ,Apprentissage, formation en alternance, bilan de compétence, maison familiale rurale, formation continue en marketing, formation par correspondance, formation en hygiène alimentaire, formation en ligne, formation en communication, Validation des Acquis de l'Expérience (VAE), individualisation des parcours, école de managers, école de gestion, école de commerce , ,Réseaux : ,CCI | G10: [] | I10: CCI Campus | J10: =L10 -> 03 68 67 20 00 | L10: 03 68 67 20 00 | M10: https://www.pagesjaunes.fr/annuaire/region/alsace/formation?quoiqui=formation&ou=Alsace&univers=pagesjaunes&idOu=R42&ouSaisi=alsace&ouNbCar=6&quiQuoiNbCar=&acOuSollicitee=1&rangOu=2&sourceOu=TOP&typeOu=Region&nbPropositionOuTop=5&nbPropositionOuHisto=0&acQuiQuoiSollicitee=1&rangQuiQuoi=1&sourceQuiQuoi=HISTORIQUE&typeQuiQuoi=1&idQuiQuoi=7557d667d1b009608ae6f65adb67d363&nbPropositionQuiQuoiTop=0&nbPropositionQuiQuoiHisto=1&nbPropositionQuiQuoiGeo=0&page=1 | N10: http://www.ccicampus.fr | O10: 2020-01-29T10:23:15.693065 | P10: pages-jaunes-search
A11: COLLEGE DE PARIS | B11: 03 89 56 21 28 | C11: 03 89 56 21 28 | D11: 68390SAUSHEIM | E11: formation continue , ,Prestations : ,formation en linguistique, formation excel, formation en bureautique, centre de formation pour adulte, formation en langue étrangère, centre de formation continue, compte personnel de formation, formation pour adulte, formation continue √† distance, formation en anglais, formation fran√ßais langue étrangère, organisme de formation continue, centre de formation en anglais, formation en cours du soir, formation en espagnol, formation privée | F11: [] | G11: https:https://www.pagesjaunes.fr/media/cviv/59969271-33a2f4a0a61a1c6158df83f01293a24d?w=140&h=140&crop=true | I11: [] | J11: https://www.pagesjaunes.fr/pros/detail?bloc_id=FCP038956212859969271H001C0001&no_sequence=0&code_rubrique=64101300 | L11: https://www.pagesjaunes.fr/annuaire/region/alsace/formation?quoiqui=formation&ou=Alsace&univers=pagesjaunes&idOu=R42&ouSaisi=alsace&ouNbCar=6&quiQuoiNbCar=&acOuSollicitee=1&rangOu=2&sourceOu=TOP&typeOu=Region&nbPropositionOuTop=5&nbPropositionOuHisto=0&acQuiQuoiSollicitee=1&rangQuiQuoi=1&sourceQuiQuoi=HISTORIQUE&typeQuiQuoi=1&idQuiQuoi=7557d667d1b009608ae6f65adb67d363&nbPropositionQuiQuoiTop=0&nbPropositionQuiQuoiHisto=1&nbPropositionQuiQuoiGeo=0&page=1 | M11: [] | N11: 2020-01-29T10:23:15.717596 | O11: pages-jaunes-search
A12: ADELE DE GLAUBITZ FORMATION | B12: 03 88 21 10 40 | C12: 03 88 21 10 40 | D12: 67100STRASBOURG | E12: formation continue | F12: [] | G12: https:https://www.pagesjaunes.fr/media/vignette/AAAYADQZBKEK-C10003.gif?w=140&h=140&crop=true | I12: [] | J12: https://www.pagesjaunes.fr/pros/08085313 | L12: https://www.pagesjaunes.fr/annuaire/region/alsace/formation?quoiqui=formation&ou=Alsace&univers=pagesjaunes&idOu=R42&ouSaisi=alsace&ouNbCar=6&quiQuoiNbCar=&acOuSollicitee=1&rangOu=2&sourceOu=TOP&typeOu=Region&nbPropositionOuTop=5&nbPropositionOuHisto=0&acQuiQuoiSollicitee=1&rangQuiQuoi=1&sourceQuiQuoi=HISTORIQUE&typeQuiQuoi=1&idQuiQuoi=7557d667d1b009608ae6f65adb67d363&nbPropositionQuiQuoiTop=0&nbPropositionQuiQuoiHisto=1&nbPropositionQuiQuoiGeo=0&page=1 | M12: http://www.glaubitz.fr/formation | N12: 2020-01-29T10:23:15.734815 | O12: pages-jaunes-search
A13: FESIP PROFORMASEC | B13: 03 88 05 55 90 | C13: 03 88 05 55 90 | D13: 67240GRIES | E13: formation sécurité incendie , ,Prestations : ,gestes et postures, formations sécurité incendie, Equipier de Seconde Intervention, Travail en hauteur, Premiers Secours, mise en sécurité, Evacuation, Document unique, Equipier de Première Intervention, Sauveteur Secouriste du Travail, Port des EPI, SST, Equipement de Protection Individuelle, SSIAP, manipulation des extincteurs, PRAP, ARI, Formations sécurité environnement, formations sécurité du travail, Habilitation électrique , ,Marques : ,Proformasec, Esitek | F13: [] | G13: https:https://www.pagesjaunes.fr/media/vignette/AAA2BESYMVYS-C20003.gif?w=140&h=140&crop=true | I13: [] | J13: https://www.pagesjaunes.fr/pros/51425370 | L13: https://www.pagesjaunes.fr/annuaire/region/alsace/formation?quoiqui=formation&ou=Alsace&univers=pagesjaunes&idOu=R42&ouSaisi=alsace&ouNbCar=6&quiQuoiNbCar=&acOuSollicitee=1&rangOu=2&sourceOu=TOP&typeOu=Region&nbPropositionOuTop=5&nbPropositionOuHisto=0&acQuiQuoiSollicitee=1&rangQuiQuoi=1&sourceQuiQuoi=HISTORIQUE&typeQuiQuoi=1&idQuiQuoi=7557d667d1b009608ae6f65adb67d363&nbPropositionQuiQuoiTop=0&nbPropositionQuiQuoiHisto=1&nbPropositionQuiQuoiGeo=0&page=1 | M13: http://www.fesip.fr | N13: 2020-01-29T10:23:15.751436 | O13: pages-jaunes-search
A14: CECI FORMATION | B14: 03 67 10 37 14 | C14: 03 67 10 37 14 | D14: 67000STRASBOURG | E14: formation continue , ,Prestations : ,Formation informatique + Certification, Formation bureautique + Certification, Formation ressources humaines, Formation commercial Marketing, Formation Langues + Certification + centre TOEIC+ Centre TFI + Centre Widaf, Formation Droit, Formation Sécurité, Médico-social (gestion du stress enjeux et conséquences, gérer les tensions...), Traductions et interprétation de conférence, EBP paie & gestion commerciale + centre agréé, Ciel & Sage, cours de fran√ßais, cours de langue pour enfant, cours d'arabe, cours d'espagnol, cours d'allemand, cours de russe, cours de chinois, centre de formation pour adulte, formation en anglais, formation en bureautique, formation en communication, formation continue dipl√¥mante, formation excel, cours de langue pour entreprise, cours d'anglais individuel, cours d'anglais pour senior, cours d'anglais √† distance, cours d'anglais par téléphone, formation continue en finance, formation prise de parole, formation cohésion d'équipe, formation coaching, formation fran√ßais langue étrangère, compte personnel de formation, cours d'anglais, formation continue en rh, formation en ressources humaines, formation en naturopathe, cours d'anglais toeic , ,Réseaux : ,Adhara | F14: [] | G14: https:https://www.pagesjaunes.fr/media/vignette/AAARRFQZTLUI-C10001.gif?w=140&h=140&crop=true | I14: [] | J14: https://www.pagesjaunes.fr/pros/detail?bloc_id=55685263000001C0001&no_sequence=1&code_rubrique=64101300 | L14: https://www.pagesjaunes.fr/annuaire/region/alsace/formation?quoiqui=formation&ou=Alsace&univers=pagesjaunes&idOu=R42&ouSaisi=alsace&ouNbCar=6&quiQuoiNbCar=&acOuSollicitee=1&rangOu=2&sourceOu=TOP&typeOu=Region&nbPropositionOuTop=5&nbPropositionOuHisto=0&acQuiQuoiSollicitee=1&rangQuiQuoi=1&sourceQuiQuoi=HISTORIQUE&typeQuiQuoi=1&idQuiQuoi=7557d667d1b009608ae6f65adb67d363&nbPropositionQuiQuoiTop=0&nbPropositionQuiQuoiHisto=1&nbPropositionQuiQuoiGeo=0&page=1 | M14: http://www.ceci-formation.com/ | N14: 2020-01-29T10:23:15.768016 | O14: pages-jaunes-search
A15: CFA ARASSM | B15: 03 88 18 25 61 | C15: 03 88 18 25 61 | D15: 67300SCHILTIGHEIM | E15: apprentissage , ,Prestations : ,Apprentissage, Centre de formation, Formation en apprentissage, Formation dans le secteur médico-social, Formation dans le secteur sanitaire, Formation dans le secteur social | F15: [] | G15: https:https://www.pagesjaunes.fr/media/vignette/AAANQEFXUCC0-C10001.gif?w=140&h=140&crop=true | I15: [] | J15: https://www.pagesjaunes.fr/pros/54671800 | L15: https://www.pagesjaunes.fr/annuaire/region/alsace/formation?quoiqui=formation&ou=Alsace&univers=pagesjaunes&idOu=R42&ouSaisi=alsace&ouNbCar=6&quiQuoiNbCar=&acOuSollicitee=1&rangOu=2&sourceOu=TOP&typeOu=Region&nbPropositionOuTop=5&nbPropositionOuHisto=0&acQuiQuoiSollicitee=1&rangQuiQuoi=1&sourceQuiQuoi=HISTORIQUE&typeQuiQuoi=1&idQuiQuoi=7557d667d1b009608ae6f65adb67d363&nbPropositionQuiQuoiTop=0&nbPropositionQuiQuoiHisto=1&nbPropositionQuiQuoiGeo=0&page=1 | M15: http://www.arassm.fr | N15: 2020-01-29T10:23:15.785102 | O15: pages-jaunes-search
A16: LYCEE PRIVE SCHATTENMANN | B16: 03 88 70 70 64 | C16: 03 88 70 70 64 | D16: 67330BOUXWILLER | E16: enseignement : social, paramédical , ,Prestations : ,Possibilité d'obtenir une bourse, Accueils de services volontaires européens, Langues parlées : anglais et allemand, Mobilités √† l'étranger, Centre de formation professionnelle continue, Internat pour gar√ßons et filles, Organisation de séjours, Section d'accueil pour élèves DYS en classe de 4ème, Lycée 4.0, Section européenne en BAC Pro , ,Réseaux : ,UNREP | F16: [] | G16: https:https://www.pagesjaunes.fr/media/vignette/AAATBE3CIGSM-C10002.gif?w=140&h=140&crop=true | I16: [] | J16: https://www.pagesjaunes.fr/pros/06209462 | L16: https://www.pagesjaunes.fr/annuaire/region/alsace/formation?quoiqui=formation&ou=Alsace&univers=pagesjaunes&idOu=R42&ouSaisi=alsace&ouNbCar=6&quiQuoiNbCar=&acOuSollicitee=1&rangOu=2&sourceOu=TOP&typeOu=Region&nbPropositionOuTop=5&nbPropositionOuHisto=0&acQuiQuoiSollicitee=1&rangQuiQuoi=1&sourceQuiQuoi=HISTORIQUE&typeQuiQuoi=1&idQuiQuoi=7557d667d1b009608ae6f65adb67d363&nbPropositionQuiQuoiTop=0&nbPropositionQuiQuoiHisto=1&nbPropositionQuiQuoiGeo=0&page=1 | M16: http://www.lycee-schattenmann.org | N16: 2020-01-29T10:23:15.801742 | O16: pages-jaunes-search
A17: HTTPS:HTTPS://WWW.PAGESJAUNES.FR/MEDIA/VIGNETTE/AAASPDPM1ETB-C10005.GIF?W=140&H=140&CROP=TRUE | B17: =L17 -> 03 68 67 20 00 | C17: =M17 -> https://www.pagesjaunes.fr/annuaire/region/alsace/formation?quoiqui=formation&ou=Alsace&univers=pagesjaunes&idOu=R42&ouSaisi=alsace&ouNbCar=6&quiQuoiNbCar=&acOuSollicitee=1&rangOu=2&sourceOu=TOP&typeOu=Region&nbPropositionOuTop=5&nbPropositionOuHisto=0&acQuiQuoiSollicitee=1&rangQuiQuoi=1&sourceQuiQuoi=HISTORIQUE&typeQuiQuoi=1&idQuiQuoi=7557d667d1b009608ae6f65adb67d363&nbPropositionQuiQuoiTop=0&nbPropositionQuiQuoiHisto=1&nbPropositionQuiQuoiGeo=0&page=1 | D17: CS 42333 | E17: 68069MULHOUSE CEDEX 2 | F17: formation continue , ,Prestations : ,Apprentissage, formation en alternance, bilan de compétence, maison familiale rurale, formation continue en marketing, formation par correspondance, formation en hygiène alimentaire, formation en ligne, formation en communication, Validation des Acquis de l'Expérience (VAE), individualisation des parcours, école de managers, école de gestion, école de commerce , ,Réseaux : ,CCI | G17: [] | I17: CCI Campus | J17: =L17 -> 03 68 67 20 00 | L17: 03 68 67 20 00 | M17: https://www.pagesjaunes.fr/annuaire/region/alsace/formation?quoiqui=formation&ou=Alsace&univers=pagesjaunes&idOu=R42&ouSaisi=alsace&ouNbCar=6&quiQuoiNbCar=&acOuSollicitee=1&rangOu=2&sourceOu=TOP&typeOu=Region&nbPropositionOuTop=5&nbPropositionOuHisto=0&acQuiQuoiSollicitee=1&rangQuiQuoi=1&sourceQuiQuoi=HISTORIQUE&typeQuiQuoi=1&idQuiQuoi=7557d667d1b009608ae6f65adb67d363&nbPropositionQuiQuoiTop=0&nbPropositionQuiQuoiHisto=1&nbPropositionQuiQuoiGeo=0&page=1 | N17: http://www.alsace-eurometropole.cci.fr | O17: 2020-01-29T10:23:15.818271 | P17: pages-jaunes-search
A18: CCI CAMPUS | B18: 03 68 67 20 00 | C18: 03 68 67 20 00 | D18: 67021STRASBOURG CEDEX 1 | E18: formation continue , ,Prestations : ,Apprentissage, formation en alternance, bilan de compétence, maison familiale rurale, formation continue en marketing, formation par correspondance, formation en hygiène alimentaire, formation en ligne, formation en communication, Validation des Acquis de l'Expérience (VAE), individualisation des parcours, école de managers, école de gestion, école de commerce , ,Réseaux : ,CCI | F18: [] | G18: https:https://www.pagesjaunes.fr/media/vignette/AAASPDPM1ETB-C10005.gif?w=140&h=140&crop=true | I18: [] | J18: https://www.pagesjaunes.fr/pros/detail?bloc_id=0368672000569450610003C0001&no_sequence=0&code_rubrique=64101300 | L18: https://www.pagesjaunes.fr/annuaire/region/alsace/formation?quoiqui=formation&ou=Alsace&univers=pagesjaunes&idOu=R42&ouSaisi=alsace&ouNbCar=6&quiQuoiNbCar=&acOuSollicitee=1&rangOu=2&sourceOu=TOP&typeOu=Region&nbPropositionOuTop=5&nbPropositionOuHisto=0&acQuiQuoiSollicitee=1&rangQuiQuoi=1&sourceQuiQuoi=HISTORIQUE&typeQuiQuoi=1&idQuiQuoi=7557d667d1b009608ae6f65adb67d363&nbPropositionQuiQuoiTop=0&nbPropositionQuiQuoiHisto=1&nbPropositionQuiQuoiGeo=0&page=1 | M18: http://www.ccicampus.fr | N18: 2020-01-29T10:23:15.834781 | O18: pages-jaunes-search
A19: INSTITUTION SAINTE JEANNE D'ARC | B19: 03 89 45 36 31 | C19: 03 89 45 36 31 | D19: 68100MULHOUSE | E19: enseignement : commerce, gestion, informatique , ,Prestations : ,Ecole maternelle privée, Ecole primaire privée, Langues vivantes 1 et 2 : anglais et allemand, Langues vivantes 3 : espagnol et chinois, Enseignement supérieur privé, Gestion de la relation commerciale, Economie générale, Collège privé, Classe CHAM, école de commerce post-bac, école de commerce internationale, BTS commerce international, BTS négociation et relation client, école de gestion, DUT de technique de commercialisation, BTS secrétariat, BTS assistant de gestion pme pmi, école de marketing, BTS gestion, école de commerce, école de management, BTS action commerciale, BTS management des unités commerciales, BTS assistant manager | F19: [] | G19: https:https://www.pagesjaunes.fr/media/cviv/05744838-e5e34d6f669affbf07b83805cffaf8fc?w=140&h=140&crop=true | I19: 2 | J19: https://www.pagesjaunes.fr/pros/detail?bloc_id=FCP05744838700004C0001&no_sequence=1&code_rubrique=64050900 | L19: https://www.pagesjaunes.fr/annuaire/region/alsace/formation?quoiqui=formation&ou=Alsace&univers=pagesjaunes&idOu=R42&ouSaisi=alsace&ouNbCar=6&quiQuoiNbCar=&acOuSollicitee=1&rangOu=2&sourceOu=TOP&typeOu=Region&nbPropositionOuTop=5&nbPropositionOuHisto=0&acQuiQuoiSollicitee=1&rangQuiQuoi=1&sourceQuiQuoi=HISTORIQUE&typeQuiQuoi=1&idQuiQuoi=7557d667d1b009608ae6f65adb67d363&nbPropositionQuiQuoiTop=0&nbPropositionQuiQuoiHisto=1&nbPropositionQuiQuoiGeo=0&page=1 | M19: http://www.ejda.fr | N19: 2020-01-29T10:23:15.851287 | O19: pages-jaunes-search
A20: METAMORPHOSES | B20: 03 88 23 56 40 | C20: 03 88 23 56 40 | D20: 67000STRASBOURG | E20: enseignement : coiffure, esthétique , ,Prestations : ,Stages, Maquillage professionnel, Effets spéciaux de maquillage, Enseignement : coiffure esthétique, formation en maquillage permanent, école de maquillage, cours de maquillage, formation en maquillage, CAP maquillage, CAP cosmétique, CAP esthétique maquillage | F20: [] | G20: https:https://www.pagesjaunes.fr/media/cviv/09244468-8ca04335c45719c0b4a24297c59eac2f?w=140&h=140&crop=true | I20: [] | J20: https://www.pagesjaunes.fr/pros/detail?bloc_id=FCP09244468700001C0001&no_sequence=1&code_rubrique=64050800 | L20: https://www.pagesjaunes.fr/annuaire/region/alsace/formation?quoiqui=formation&ou=Alsace&univers=pagesjaunes&idOu=R42&ouSaisi=alsace&ouNbCar=6&quiQuoiNbCar=&acOuSollicitee=1&rangOu=2&sourceOu=TOP&typeOu=Region&nbPropositionOuTop=5&nbPropositionOuHisto=0&acQuiQuoiSollicitee=1&rangQuiQuoi=1&sourceQuiQuoi=HISTORIQUE&typeQuiQuoi=1&idQuiQuoi=7557d667d1b009608ae6f65adb67d363&nbPropositionQuiQuoiTop=0&nbPropositionQuiQuoiHisto=1&nbPropositionQuiQuoiGeo=0&page=1 | M20: http://www.metamake-up.com | N20: 2020-01-29T10:23:15.868818 | O20: pages-jaunes-search
A21: A.P.G. | B21: 03 88 87 05 29 | C21: 03 88 87 05 29 | D21: 67300SCHILTIGHEIM | E21: formation continue , ,Prestations : ,Conseil, Audit, Externalisation, Formation, bilan de compétence, formation pour adulte, formation en ressources humaines, organisme de formation pour adulte, accompagnement aux changements, insertion professionnelle, aide √† la création d'entreprise, test psychotechnique, cabinet de conseil en rh, cabinet de recrutement de cadre, mobilité professionnelle, accompagnement professionnel, gestion de carrière, bilan professionnel, reclassement professionnel, gestion des compétences, test de personnalité, bilan de carrières, test d'aptitude, analyse de CV, gestion administrative, gestion du stress, développement personnel, conseil en gestion de personnel, formation en management, gestion des ressources humaines, gestion sociale, accompagnement social, développement des ressources humaines, audit social, gestion de conflits, audit RH, évaluation des risques, accompagnement de projet, aide √† la décision, apprentissage en automobile | F21: [] | G21: https:https://www.pagesjaunes.fr/media/vignette/AAAYADF0RURU-C10003.gif?w=140&h=140&crop=true | I21: [] | J21: https://www.pagesjaunes.fr/pros/detail?bloc_id=08581656000001C0001&no_sequence=1&code_rubrique=64101300 | L21: https://www.pagesjaunes.fr/annuaire/region/alsace/formation?quoiqui=formation&ou=Alsace&univers=pagesjaunes&idOu=R42&ouSaisi=alsace&ouNbCar=6&quiQuoiNbCar=&acOuSollicitee=1&rangOu=2&sourceOu=TOP&typeOu=Region&nbPropositionOuTop=5&nbPropositionOuHisto=0&acQuiQuoiSollicitee=1&rangQuiQuoi=1&sourceQuiQuoi=HISTORIQUE&typeQuiQuoi=1&idQuiQuoi=7557d667d1b009608ae6f65adb67d363&nbPropositionQuiQuoiTop=0&nbPropositionQuiQuoiHisto=1&nbPropositionQuiQuoiGeo=0&page=1 | M21: http://www.apg-grandest.fr | N21: 2020-01-29T10:23:15.885509 | O21: pages-jaunes-search
A22: SALON DE COIFFURE SERGE COMTESSE | B22: 03 88 50 11 38 | C22: 03 88 50 11 38 | D22: 67190DINSHEIM SUR BRUCHE | E22: enseignement : coiffure, esthétique | F22: [] | G22: [] | I22: [] | J22: https://www.pagesjaunes.fr/pros/detail?bloc_id=FCP038850113806198624H001C0001&no_sequence=0&code_rubrique=64050800 | L22: https://www.pagesjaunes.fr/annuaire/region/alsace/formation?quoiqui=formation&ou=Alsace&univers=pagesjaunes&idOu=R42&ouSaisi=alsace&ouNbCar=6&quiQuoiNbCar=&acOuSollicitee=1&rangOu=2&sourceOu=TOP&typeOu=Region&nbPropositionOuTop=5&nbPropositionOuHisto=0&acQuiQuoiSollicitee=1&rangQuiQuoi=1&sourceQuiQuoi=HISTORIQUE&typeQuiQuoi=1&idQuiQuoi=7557d667d1b009608ae6f65adb67d363&nbPropositionQuiQuoiTop=0&nbPropositionQuiQuoiHisto=1&nbPropositionQuiQuoiGeo=0&page=22 | M22: http://www.sergecomtesse.fr/salon-de-coiffure-dinsheim | N22: 2020-01-29T10:23:17.632678 | O22: pages-jaunes-search
A23: DOGAN GULFEN | B23: 03 88 68 32 84 | C23: 03 88 68 32 84 | D23: 67117ITTENHEIM | E23: formation continue | F23: [] | G23: [] | I23: [] | J23: https://www.pagesjaunes.fr/pros/56113913 | L23: https://www.pagesjaunes.fr/annuaire/region/alsace/formation?quoiqui=formation&ou=Alsace&univers=pagesjaunes&idOu=R42&ouSaisi=alsace&ouNbCar=6&quiQuoiNbCar=&acOuSollicitee=1&rangOu=2&sourceOu=TOP&typeOu=Region&nbPropositionOuTop=5&nbPropositionOuHisto=0&acQuiQuoiSollicitee=1&rangQuiQuoi=1&sourceQuiQuoi=HISTORIQUE&typeQuiQuoi=1&idQuiQuoi=7557d667d1b009608ae6f65adb67d363&nbPropositionQuiQuoiTop=0&nbPropositionQuiQuoiHisto=1&nbPropositionQuiQuoiGeo=0&page=22 | M23: [] | N23: 2020-01-29T10:23:17.650123 | O23: pages-jaunes-search
A24: PLANCHENOT JEAN-MARC | B24: 03 88 54 09 18 | C24: 03 88 54 09 18 | D24: 67250SURBOURG | E24: formation continue | F24: [] | G24: [] | I24: [] | J24: https://www.pagesjaunes.fr/pros/detail?bloc_id=038854091852382064H001C0001&no_sequence=0&code_rubrique=64101300 | L24: https://www.pagesjaunes.fr/annuaire/region/alsace/formation?quoiqui=formation&ou=Alsace&univers=pagesjaunes&idOu=R42&ouSaisi=alsace&ouNbCar=6&quiQuoiNbCar=&acOuSollicitee=1&rangOu=2&sourceOu=TOP&typeOu=Region&nbPropositionOuTop=5&nbPropositionOuHisto=0&acQuiQuoiSollicitee=1&rangQuiQuoi=1&sourceQuiQuoi=HISTORIQUE&typeQuiQuoi=1&idQuiQuoi=7557d667d1b009608ae6f65adb67d363&nbPropositionQuiQuoiTop=0&nbPropositionQuiQuoiHisto=1&nbPropositionQuiQuoiGeo=0&page=22 | M24: [] | N24: 2020-01-29T10:23:17.666448 | O24: pages-jaunes-search
A25: RAPP ALINE | B25: 07 60 85 22 16 | C25: 07 60 85 22 16 | D25: 67000STRASBOURG | E25: formation continue | F25: [] | G25: [] | I25: [] | J25: https://www.pagesjaunes.fr/pros/55154184 | L25: https://www.pagesjaunes.fr/annuaire/region/alsace/formation?quoiqui=formation&ou=Alsace&univers=pagesjaunes&idOu=R42&ouSaisi=alsace&ouNbCar=6&quiQuoiNbCar=&acOuSollicitee=1&rangOu=2&sourceOu=TOP&typeOu=Region&nbPropositionOuTop=5&nbPropositionOuHisto=0&acQuiQuoiSollicitee=1&rangQuiQuoi=1&sourceQuiQuoi=HISTORIQUE&typeQuiQuoi=1&idQuiQuoi=7557d667d1b009608ae6f65adb67d363&nbPropositionQuiQuoiTop=0&nbPropositionQuiQuoiHisto=1&nbPropositionQuiQuoiGeo=0&page=22 | M25: [] | N25: 2020-01-29T10:23:17.682919 | O25: pages-jaunes-search
A26: [] | B26: =L26 -> 03 89 29 53 67 | C26: =M26 -> https://www.pagesjaunes.fr/annuaire/region/alsace/formation?quoiqui=formation&ou=Alsace&univers=pagesjaunes&idOu=R42&ouSaisi=alsace&ouNbCar=6&quiQuoiNbCar=&acOuSollicitee=1&rangOu=2&sourceOu=TOP&typeOu=Region&nbPropositionOuTop=5&nbPropositionOuHisto=0&acQuiQuoiSollicitee=1&rangQuiQuoi=1&sourceQuiQuoi=HISTORIQUE&typeQuiQuoi=1&idQuiQuoi=7557d667d1b009608ae6f65adb67d363&nbPropositionQuiQuoiTop=0&nbPropositionQuiQuoiHisto=1&nbPropositionQuiQuoiGeo=0&page=22 | D26: Kaysersberg | E26: 68240KAYSERSBERG VIGNOBLE | F26: enseignement : professions artistiques | G26: [] | I26: Dussort Estelle | J26: =L26 -> 03 89 29 53 67 | L26: 03 89 29 53 67 | M26: https://www.pagesjaunes.fr/annuaire/region/alsace/formation?quoiqui=formation&ou=Alsace&univers=pagesjaunes&idOu=R42&ouSaisi=alsace&ouNbCar=6&quiQuoiNbCar=&acOuSollicitee=1&rangOu=2&sourceOu=TOP&typeOu=Region&nbPropositionOuTop=5&nbPropositionOuHisto=0&acQuiQuoiSollicitee=1&rangQuiQuoi=1&sourceQuiQuoi=HISTORIQUE&typeQuiQuoi=1&idQuiQuoi=7557d667d1b009608ae6f65adb67d363&nbPropositionQuiQuoiTop=0&nbPropositionQuiQuoiHisto=1&nbPropositionQuiQuoiGeo=0&page=22 | N26: [] | O26: 2020-01-29T10:23:17.699441 | P26: pages-jaunes-search
A27: SCHMITT MARC | B27: 09 53 53 34 37 | C27: 09 53 53 34 37 | D27: 68000COLMAR | E27: formation continue | F27: [] | G27: [] | I27: [] | J27: https://www.pagesjaunes.fr/pros/detail?bloc_id=095353343756087778H001C0001&no_sequence=0&code_rubrique=64101300 | L27: https://www.pagesjaunes.fr/annuaire/region/alsace/formation?quoiqui=formation&ou=Alsace&univers=pagesjaunes&idOu=R42&ouSaisi=alsace&ouNbCar=6&quiQuoiNbCar=&acOuSollicitee=1&rangOu=2&sourceOu=TOP&typeOu=Region&nbPropositionOuTop=5&nbPropositionOuHisto=0&acQuiQuoiSollicitee=1&rangQuiQuoi=1&sourceQuiQuoi=HISTORIQUE&typeQuiQuoi=1&idQuiQuoi=7557d667d1b009608ae6f65adb67d363&nbPropositionQuiQuoiTop=0&nbPropositionQuiQuoiHisto=1&nbPropositionQuiQuoiGeo=0&page=22 | M27: [] | N27: 2020-01-29T10:23:17.715569 | O27: pages-jaunes-search
A28: HOSY GERALDINE | B28: 03 88 27 09 47 | C28: 03 88 27 09 47 | D28: 67200STRASBOURG | E28: formation continue | F28: [] | G28: [] | I28: [] | J28: https://www.pagesjaunes.fr/pros/detail?bloc_id=FCP038827094751010892H001C0001&no_sequence=0&code_rubrique=64101300 | L28: https://www.pagesjaunes.fr/annuaire/region/alsace/formation?quoiqui=formation&ou=Alsace&univers=pagesjaunes&idOu=R42&ouSaisi=alsace&ouNbCar=6&quiQuoiNbCar=&acOuSollicitee=1&rangOu=2&sourceOu=TOP&typeOu=Region&nbPropositionOuTop=5&nbPropositionOuHisto=0&acQuiQuoiSollicitee=1&rangQuiQuoi=1&sourceQuiQuoi=HISTORIQUE&typeQuiQuoi=1&idQuiQuoi=7557d667d1b009608ae6f65adb67d363&nbPropositionQuiQuoiTop=0&nbPropositionQuiQuoiHisto=1&nbPropositionQuiQuoiGeo=0&page=22 | M28: http://www.facebook.com/pages/Hosy-G%C3%A9raldine/437855393235436 | N28: 2020-01-29T10:23:17.731716 | O28: pages-jaunes-search
A29: EL HABACHI LAHCEN | B29: 03 88 61 48 64 | C29: 03 88 61 48 64 | D29: 67000STRASBOURG | E29: formation continue | F29: [] | G29: [] | I29: [] | J29: https://www.pagesjaunes.fr/pros/52566730 | L29: https://www.pagesjaunes.fr/annuaire/region/alsace/formation?quoiqui=formation&ou=Alsace&univers=pagesjaunes&idOu=R42&ouSaisi=alsace&ouNbCar=6&quiQuoiNbCar=&acOuSollicitee=1&rangOu=2&sourceOu=TOP&typeOu=Region&nbPropositionOuTop=5&nbPropositionOuHisto=0&acQuiQuoiSollicitee=1&rangQuiQuoi=1&sourceQuiQuoi=HISTORIQUE&typeQuiQuoi=1&idQuiQuoi=7557d667d1b009608ae6f65adb67d363&nbPropositionQuiQuoiTop=0&nbPropositionQuiQuoiHisto=1&nbPropositionQuiQuoiGeo=0&page=22 | M29: [] | N29: 2020-01-29T10:23:17.748062 | O29: pages-jaunes-search
A30: AP2S FORMATION CONSEIL | B30: 06 51 05 92 56 | C30: 06 51 05 92 56 | D30: 68126BENNWIHR | E30: formation continue | F30: [] | G30: [] | I30: [] | J30: https://www.pagesjaunes.fr/pros/detail?bloc_id=065105925657318839H001C0001&no_sequence=0&code_rubrique=64101300 | L30: https://www.pagesjaunes.fr/annuaire/region/alsace/formation?quoiqui=formation&ou=Alsace&univers=pagesjaunes&idOu=R42&ouSaisi=alsace&ouNbCar=6&quiQuoiNbCar=&acOuSollicitee=1&rangOu=2&sourceOu=TOP&typeOu=Region&nbPropositionOuTop=5&nbPropositionOuHisto=0&acQuiQuoiSollicitee=1&rangQuiQuoi=1&sourceQuiQuoi=HISTORIQUE&typeQuiQuoi=1&idQuiQuoi=7557d667d1b009608ae6f65adb67d363&nbPropositionQuiQuoiTop=0&nbPropositionQuiQuoiHisto=1&nbPropositionQuiQuoiGeo=0&page=22 | M30: http://ap2s-formation.com | N30: 2020-01-29T10:23:17.764649 | O30: pages-jaunes-search
A31: CLOR PASCALE | B31: 03 89 78 22 96 | C31: 03 89 78 22 96 | D31: 68240KAYSERSBERG VIGNOBLE | E31: enseignement : professions artistiques | F31: [] | G31: [] | I31: [] | J31: https://www.pagesjaunes.fr/pros/detail?bloc_id=038978229655693595H001C0001&no_sequence=0&code_rubrique=64053400 | L31: https://www.pagesjaunes.fr/annuaire/region/alsace/formation?quoiqui=formation&ou=Alsace&univers=pagesjaunes&idOu=R42&ouSaisi=alsace&ouNbCar=6&quiQuoiNbCar=&acOuSollicitee=1&rangOu=2&sourceOu=TOP&typeOu=Region&nbPropositionOuTop=5&nbPropositionOuHisto=0&acQuiQuoiSollicitee=1&rangQuiQuoi=1&sourceQuiQuoi=HISTORIQUE&typeQuiQuoi=1&idQuiQuoi=7557d667d1b009608ae6f65adb67d363&nbPropositionQuiQuoiTop=0&nbPropositionQuiQuoiHisto=1&nbPropositionQuiQuoiGeo=0&page=22 | M31: [] | N31: 2020-01-29T10:23:17.780766 | O31: pages-jaunes-search
A32: AFPA | B32: [] | C32: [] | D32: 68200MULHOUSE | E32: formation continue | F32: [] | G32: [] | I32: 1 | J32: https://www.pagesjaunes.fr/pros/detail?bloc_id=FCP05553544XX05553544H001C0001&no_sequence=0&code_rubrique=64101300 | L32: https://www.pagesjaunes.fr/annuaire/region/alsace/formation?quoiqui=formation&ou=Alsace&univers=pagesjaunes&idOu=R42&ouSaisi=alsace&ouNbCar=6&quiQuoiNbCar=&acOuSollicitee=1&rangOu=2&sourceOu=TOP&typeOu=Region&nbPropositionOuTop=5&nbPropositionOuHisto=0&acQuiQuoiSollicitee=1&rangQuiQuoi=1&sourceQuiQuoi=HISTORIQUE&typeQuiQuoi=1&idQuiQuoi=7557d667d1b009608ae6f65adb67d363&nbPropositionQuiQuoiTop=0&nbPropositionQuiQuoiHisto=1&nbPropositionQuiQuoiGeo=0&page=22 | M32: http://www.facebook.com/AFPA.JEUNES/ | N32: 2020-01-29T10:23:17.804302 | O32: pages-jaunes-search
A33: FRITSCH ERIC | B33: 03 89 79 81 13 | C33: 03 89 79 81 13 | D33: 68920WETTOLSHEIM | E33: enseignement : professions artistiques | F33: [] | G33: [] | I33: [] | J33: https://www.pagesjaunes.fr/pros/56242338 | L33: https://www.pagesjaunes.fr/annuaire/region/alsace/formation?quoiqui=formation&ou=Alsace&univers=pagesjaunes&idOu=R42&ouSaisi=alsace&ouNbCar=6&quiQuoiNbCar=&acOuSollicitee=1&rangOu=2&sourceOu=TOP&typeOu=Region&nbPropositionOuTop=5&nbPropositionOuHisto=0&acQuiQuoiSollicitee=1&rangQuiQuoi=1&sourceQuiQuoi=HISTORIQUE&typeQuiQuoi=1&idQuiQuoi=7557d667d1b009608ae6f65adb67d363&nbPropositionQuiQuoiTop=0&nbPropositionQuiQuoiHisto=1&nbPropositionQuiQuoiGeo=0&page=22 | M33: [] | N33: 2020-01-29T10:23:17.821403 | O33: pages-jaunes-search
A34: CARREAUD JEAN-PIERRE | B34: 03 88 65 00 57 | C34: 03 88 65 00 57 | D34: 67400ILLKIRCH GRAFFENSTADEN | E34: formation continue | F34: [] | G34: [] | I34: [] | J34: https://www.pagesjaunes.fr/pros/detail?bloc_id=038865005752566714H001C0001&no_sequence=0&code_rubrique=64101300 | L34: https://www.pagesjaunes.fr/annuaire/region/alsace/formation?quoiqui=formation&ou=Alsace&univers=pagesjaunes&idOu=R42&ouSaisi=alsace&ouNbCar=6&quiQuoiNbCar=&acOuSollicitee=1&rangOu=2&sourceOu=TOP&typeOu=Region&nbPropositionOuTop=5&nbPropositionOuHisto=0&acQuiQuoiSollicitee=1&rangQuiQuoi=1&sourceQuiQuoi=HISTORIQUE&typeQuiQuoi=1&idQuiQuoi=7557d667d1b009608ae6f65adb67d363&nbPropositionQuiQuoiTop=0&nbPropositionQuiQuoiHisto=1&nbPropositionQuiQuoiGeo=0&page=22 | M34: http://www.facebook.com/pages/Carreaud-Jean-Pierre/1324658470982067 | N34: 2020-01-29T10:23:17.837166 | O34: pages-jaunes-search
A35: CIGAVAP | B35: [] | C35: [] | D35: 67000STRASBOURG | E35: cours par correspondance, enseignement √† distance | F35: [] | G35: [] | I35: [] | J35: https://www.pagesjaunes.fr/pros/55702963 | L35: https://www.pagesjaunes.fr/annuaire/region/alsace/formation?quoiqui=formation&ou=Alsace&univers=pagesjaunes&idOu=R42&ouSaisi=alsace&ouNbCar=6&quiQuoiNbCar=&acOuSollicitee=1&rangOu=2&sourceOu=TOP&typeOu=Region&nbPropositionOuTop=5&nbPropositionOuHisto=0&acQuiQuoiSollicitee=1&rangQuiQuoi=1&sourceQuiQuoi=HISTORIQUE&typeQuiQuoi=1&idQuiQuoi=7557d667d1b009608ae6f65adb67d363&nbPropositionQuiQuoiTop=0&nbPropositionQuiQuoiHisto=1&nbPropositionQuiQuoiGeo=0&page=22 | M35: [] | N35: 2020-01-29T10:23:17.853663 | O35: pages-jaunes-search
A36: L'OREE | B36: 03 89 59 19 37 | C36: 03 89 59 19 37 | D36: 68100MULHOUSE | E36: formation continue | F36: [] | G36: [] | I36: [] | J36: https://www.pagesjaunes.fr/pros/01866481 | L36: https://www.pagesjaunes.fr/annuaire/region/alsace/formation?quoiqui=formation&ou=Alsace&univers=pagesjaunes&idOu=R42&ouSaisi=alsace&ouNbCar=6&quiQuoiNbCar=&acOuSollicitee=1&rangOu=2&sourceOu=TOP&typeOu=Region&nbPropositionOuTop=5&nbPropositionOuHisto=0&acQuiQuoiSollicitee=1&rangQuiQuoi=1&sourceQuiQuoi=HISTORIQUE&typeQuiQuoi=1&idQuiQuoi=7557d667d1b009608ae6f65adb67d363&nbPropositionQuiQuoiTop=0&nbPropositionQuiQuoiHisto=1&nbPropositionQuiQuoiGeo=0&page=22 | M36: [] | N36: 2020-01-29T10:23:17.870051 | O36: pages-jaunes-search
A37: INTER PRO FORMATION | B37: 03 89 74 07 42 | C37: 03 89 74 07 42 | D37: 68800VIEUX THANN | E37: formation professionnelle, enseignement : commerce, gestion, informatique , ,Prestations : ,formation professionnelle continue, formation pour adulte, formation en bureautique, formation excel, formation en sécurité | F37: [] | G37: [] | I37: [] | J37: https://www.pagesjaunes.fr/pros/detail?bloc_id=57806344700001C0001&no_sequence=1&code_rubrique=00000634 | L37: https://www.pagesjaunes.fr/annuaire/region/alsace/formation?quoiqui=formation&ou=Alsace&univers=pagesjaunes&idOu=R42&ouSaisi=alsace&ouNbCar=6&quiQuoiNbCar=&acOuSollicitee=1&rangOu=2&sourceOu=TOP&typeOu=Region&nbPropositionOuTop=5&nbPropositionOuHisto=0&acQuiQuoiSollicitee=1&rangQuiQuoi=1&sourceQuiQuoi=HISTORIQUE&typeQuiQuoi=1&idQuiQuoi=7557d667d1b009608ae6f65adb67d363&nbPropositionQuiQuoiTop=0&nbPropositionQuiQuoiHisto=1&nbPropositionQuiQuoiGeo=0&page=22 | M37: http://www.interpro-formation.com | N37: 2020-01-29T10:23:17.886262 | O37: pages-jaunes-search
A38: GEYER GILBERT | B38: 03 88 00 86 39 | C38: 03 88 00 86 39 | D38: 67970OERMINGEN | E38: formation continue | F38: [] | G38: [] | I38: [] | J38: https://www.pagesjaunes.fr/pros/53459283 | L38: https://www.pagesjaunes.fr/annuaire/region/alsace/formation?quoiqui=formation&ou=Alsace&univers=pagesjaunes&idOu=R42&ouSaisi=alsace&ouNbCar=6&quiQuoiNbCar=&acOuSollicitee=1&rangOu=2&sourceOu=TOP&typeOu=Region&nbPropositionOuTop=5&nbPropositionOuHisto=0&acQuiQuoiSollicitee=1&rangQuiQuoi=1&sourceQuiQuoi=HISTORIQUE&typeQuiQuoi=1&idQuiQuoi=7557d667d1b009608ae6f65adb67d363&nbPropositionQuiQuoiTop=0&nbPropositionQuiQuoiHisto=1&nbPropositionQuiQuoiGeo=0&page=22 | M38: [] | N38: 2020-01-29T10:23:17.902561 | O38: pages-jaunes-search
A39: COTHINK SAS | B39: 07 61 93 94 69 | C39: 07 61 93 94 69 | D39: 67000STRASBOURG | E39: enseignement : commerce, gestion, informatique | F39: [] | G39: [] | I39: [] | J39: https://www.pagesjaunes.fr/pros/detail?bloc_id=FCP56599199700001C0001&no_sequence=1&code_rubrique=64050900 | L39: https://www.pagesjaunes.fr/annuaire/region/alsace/formation?quoiqui=formation&ou=Alsace&univers=pagesjaunes&idOu=R42&ouSaisi=alsace&ouNbCar=6&quiQuoiNbCar=&acOuSollicitee=1&rangOu=2&sourceOu=TOP&typeOu=Region&nbPropositionOuTop=5&nbPropositionOuHisto=0&acQuiQuoiSollicitee=1&rangQuiQuoi=1&sourceQuiQuoi=HISTORIQUE&typeQuiQuoi=1&idQuiQuoi=7557d667d1b009608ae6f65adb67d363&nbPropositionQuiQuoiTop=0&nbPropositionQuiQuoiHisto=1&nbPropositionQuiQuoiGeo=0&page=22 | M39: [] | N39: 2020-01-29T10:23:17.918763 | O39: pages-jaunes-search
A40: ETP ALSACE | B40: 03 90 20 12 28 | C40: 03 90 20 12 28 | D40: 67200STRASBOURG | E40: formation continue | F40: [] | G40: [] | I40: [] | J40: https://www.pagesjaunes.fr/pros/55626455 | L40: https://www.pagesjaunes.fr/annuaire/region/alsace/formation?quoiqui=formation&ou=Alsace&univers=pagesjaunes&idOu=R42&ouSaisi=alsace&ouNbCar=6&quiQuoiNbCar=&acOuSollicitee=1&rangOu=2&sourceOu=TOP&typeOu=Region&nbPropositionOuTop=5&nbPropositionOuHisto=0&acQuiQuoiSollicitee=1&rangQuiQuoi=1&sourceQuiQuoi=HISTORIQUE&typeQuiQuoi=1&idQuiQuoi=7557d667d1b009608ae6f65adb67d363&nbPropositionQuiQuoiTop=0&nbPropositionQuiQuoiHisto=1&nbPropositionQuiQuoiGeo=0&page=22 | M40: [] | N40: 2020-01-29T10:23:17.934723 | O40: pages-jaunes-search
A41: CREAT YS | B41: 03 88 77 92 80 | C41: 03 88 77 92 80 | D41: 67203OBERSCHAEFFOLSHEIM | E41: enseignement : coiffure, esthétique | F41: [] | G41: [] | I41: [] | J41: https://www.pagesjaunes.fr/pros/07198329 | L41: https://www.pagesjaunes.fr/annuaire/region/alsace/formation?quoiqui=formation&ou=Alsace&univers=pagesjaunes&idOu=R42&ouSaisi=alsace&ouNbCar=6&quiQuoiNbCar=&acOuSollicitee=1&rangOu=2&sourceOu=TOP&typeOu=Region&nbPropositionOuTop=5&nbPropositionOuHisto=0&acQuiQuoiSollicitee=1&rangQuiQuoi=1&sourceQuiQuoi=HISTORIQUE&typeQuiQuoi=1&idQuiQuoi=7557d667d1b009608ae6f65adb67d363&nbPropositionQuiQuoiTop=0&nbPropositionQuiQuoiHisto=1&nbPropositionQuiQuoiGeo=0&page=22 | M41: [] | N41: 2020-01-29T10:23:17.951632 | O41: pages-jaunes-search
A42: TRESSEL JOHN | B42: 03 89 43 38 83 | C42: 03 89 43 38 83 | D42: 68120PFASTATT | E42: formation continue | F42: [] | G42: [] | I42: [] | J42: https://www.pagesjaunes.fr/pros/56067240 | L42: https://www.pagesjaunes.fr/annuaire/region/alsace/formation?quoiqui=formation&ou=Alsace&univers=pagesjaunes&idOu=R42&ouSaisi=alsace&ouNbCar=6&quiQuoiNbCar=&acOuSollicitee=1&rangOu=2&sourceOu=TOP&typeOu=Region&nbPropositionOuTop=5&nbPropositionOuHisto=0&acQuiQuoiSollicitee=1&rangQuiQuoi=1&sourceQuiQuoi=HISTORIQUE&typeQuiQuoi=1&idQuiQuoi=7557d667d1b009608ae6f65adb67d363&nbPropositionQuiQuoiTop=0&nbPropositionQuiQuoiHisto=1&nbPropositionQuiQuoiGeo=0&page=21 | M42: [] | N42: 2020-01-29T10:23:34.019290 | O42: pages-jaunes-search
A43: FROID INDUSTRIEL FORMATION | B43: 06 83 21 98 04 | C43: 06 83 21 98 04 | D43: 67100STRASBOURG | E43: formation professionnelle | F43: [] | G43: [] | I43: [] | J43: https://www.pagesjaunes.fr/pros/51330450 | L43: https://www.pagesjaunes.fr/annuaire/region/alsace/formation?quoiqui=formation&ou=Alsace&univers=pagesjaunes&idOu=R42&ouSaisi=alsace&ouNbCar=6&quiQuoiNbCar=&acOuSollicitee=1&rangOu=2&sourceOu=TOP&typeOu=Region&nbPropositionOuTop=5&nbPropositionOuHisto=0&acQuiQuoiSollicitee=1&rangQuiQuoi=1&sourceQuiQuoi=HISTORIQUE&typeQuiQuoi=1&idQuiQuoi=7557d667d1b009608ae6f65adb67d363&nbPropositionQuiQuoiTop=0&nbPropositionQuiQuoiHisto=1&nbPropositionQuiQuoiGeo=0&page=21 | M43: [] | N43: 2020-01-29T10:23:34.036545 | O43: pages-jaunes-search
A44: QIS DENTAIRE | B44: 06 61 57 54 12 | C44: 06 61 57 54 12 | D44: 67500HAGUENAU | E44: formation professionnelle | F44: [] | G44: [] | I44: [] | J44: https://www.pagesjaunes.fr/pros/detail?bloc_id=066157541256602701H001C0001&no_sequence=0&code_rubrique=00000634 | L44: https://www.pagesjaunes.fr/annuaire/region/alsace/formation?quoiqui=formation&ou=Alsace&univers=pagesjaunes&idOu=R42&ouSaisi=alsace&ouNbCar=6&quiQuoiNbCar=&acOuSollicitee=1&rangOu=2&sourceOu=TOP&typeOu=Region&nbPropositionOuTop=5&nbPropositionOuHisto=0&acQuiQuoiSollicitee=1&rangQuiQuoi=1&sourceQuiQuoi=HISTORIQUE&typeQuiQuoi=1&idQuiQuoi=7557d667d1b009608ae6f65adb67d363&nbPropositionQuiQuoiTop=0&nbPropositionQuiQuoiHisto=1&nbPropositionQuiQuoiGeo=0&page=21 | M44: http://qis-dentaire.fr | N44: 2020-01-29T10:23:34.053643 | O44: pages-jaunes-search
... A64: CFA DIFCAM BANQUE & ASSURANCES | B64: 03 87 37 66 60 | C64: 03 87 37 66 60 | D64: 57015METZ CEDEX 01 | E64: apprentissage , ,Prestations : ,Formations post-bac, Apprentissage dans l'entreprise, Formation rémunérée, Employabilité CDD et CDI, Possibilité d'hébergement, centre de formation en alternance, formation en assurances, formation bancaire, formation continue en université, formation dipl√¥mante rémunérée, organisme de formation continue, formation continue en finance, apprentissage, formation en alternance, formation en communication , ,Réseaux : ,DIFCAM | F64: [] | G64: https:https://www.pagesjaunes.fr/media/vignette/AAAYADRORDVD-C10002.gif?w=140&h=140&crop=true | I64: [] | J64: https://www.pagesjaunes.fr/pros/55504508 | L64: https://www.pagesjaunes.fr/annuaire/region/alsace/formation?quoiqui=formation&ou=Alsace&univers=pagesjaunes&idOu=R42&ouSaisi=alsace&ouNbCar=6&quiQuoiNbCar=&acOuSollicitee=1&rangOu=2&sourceOu=TOP&typeOu=Region&nbPropositionOuTop=5&nbPropositionOuHisto=0&acQuiQuoiSollicitee=1&rangQuiQuoi=1&sourceQuiQuoi=HISTORIQUE&typeQuiQuoi=1&idQuiQuoi=7557d667d1b009608ae6f65adb67d363&nbPropositionQuiQuoiTop=0&nbPropositionQuiQuoiHisto=1&nbPropositionQuiQuoiGeo=0&page=60 | M64: http://www.cfa-difcam.com | N64: 2020-01-29T10:25:15.934875 | O64: pages-jaunes-search
A65: FAFIEC | B65: 01 43 46 01 10 , 01 43 46 01 30 , 01 43 46 01 60 | C65: 01 43 46 01 10 , 01 43 46 01 30 , 01 43 46 01 60 | D65: 75013PARIS | E65: formation continue , ,Prestations : ,Formation continue, Formation en ligne, Formation en alternance, Formation dipl√¥mante, Inscription en ligne, Validation des acquis | F65: [] | G65: https:https://www.pagesjaunes.fr/media/vignette/AAAPAD03LDDM-C10002.gif?w=140&h=140&crop=true | I65: 4 | J65: https://www.pagesjaunes.fr/pros/05398411 | L65: https://www.pagesjaunes.fr/annuaire/region/alsace/formation?quoiqui=formation&ou=Alsace&univers=pagesjaunes&idOu=R42&ouSaisi=alsace&ouNbCar=6&quiQuoiNbCar=&acOuSollicitee=1&rangOu=2&sourceOu=TOP&typeOu=Region&nbPropositionOuTop=5&nbPropositionOuHisto=0&acQuiQuoiSollicitee=1&rangQuiQuoi=1&sourceQuiQuoi=HISTORIQUE&typeQuiQuoi=1&idQuiQuoi=7557d667d1b009608ae6f65adb67d363&nbPropositionQuiQuoiTop=0&nbPropositionQuiQuoiHisto=1&nbPropositionQuiQuoiGeo=0&page=60 | M65: http://www.fafiec.fr | N65: 2020-01-29T10:25:15.951681 | O65: pages-jaunes-search
A66: CFA DIFCAM BANQUE & ASSURANCES | B66: 03 87 37 66 60 | C66: 03 87 37 66 60 | D66: 57015METZ CEDEX 01 | E66: formation continue , ,Prestations : ,Formations post-bac, Apprentissage dans l'entreprise, Formation rémunérée, Employabilité CDD et CDI, Possibilité d'hébergement, centre de formation en alternance, formation en assurances, formation bancaire, formation continue en université, formation dipl√¥mante rémunérée, organisme de formation continue, formation continue en finance, apprentissage, formation en alternance, formation en communication , ,Réseaux : ,DIFCAM | F66: [] | G66: https:https://www.pagesjaunes.fr/media/vignette/AAAYADRORDVD-C10002.gif?w=140&h=140&crop=true | I66: [] | J66: https://www.pagesjaunes.fr/pros/detail?bloc_id=08545171000030C0001&no_sequence=1&code_rubrique=64101300 | L66: https://www.pagesjaunes.fr/annuaire/region/alsace/formation?quoiqui=formation&ou=Alsace&univers=pagesjaunes&idOu=R42&ouSaisi=alsace&ouNbCar=6&quiQuoiNbCar=&acOuSollicitee=1&rangOu=2&sourceOu=TOP&typeOu=Region&nbPropositionOuTop=5&nbPropositionOuHisto=0&acQuiQuoiSollicitee=1&rangQuiQuoi=1&sourceQuiQuoi=HISTORIQUE&typeQuiQuoi=1&idQuiQuoi=7557d667d1b009608ae6f65adb67d363&nbPropositionQuiQuoiTop=0&nbPropositionQuiQuoiHisto=1&nbPropositionQuiQuoiGeo=0&page=60 | M66: http://www.formation-banque-assurances-paris.fr | N66: 2020-01-29T10:25:15.968072 | O66: pages-jaunes-search
A67: LA MAISON DU VITRAIL | B67: 01 42 50 88 03 , 01 42 50 29 60 | C67: 01 42 50 88 03 , 01 42 50 29 60 | D67: 75015PARIS | E67: enseignement : professions artistiques, formation continue , ,Prestations : ,école d'art, mise √† niveau en art appliqué, école d'art décoratif, BTS en alternance, centre de formation continue, formation pour adulte, formation dipl√¥mante, formation en alternance pour adulte, formation continue dipl√¥mante, formation continue pour adulte, centre de formation pour adulte, formation en restauration, formation privée | F67: [] | G67: https:https://www.pagesjaunes.fr/media/cviv/00287247-c2f08c505e2a2bcfa50264b5b79e7a6d?w=140&h=140&crop=true | I67: 1 | J67: https://www.pagesjaunes.fr/pros/detail?bloc_id=FCP00287247700002C0001&no_sequence=1&code_rubrique=64053400 | L67: https://www.pagesjaunes.fr/annuaire/region/alsace/formation?quoiqui=formation&ou=Alsace&univers=pagesjaunes&idOu=R42&ouSaisi=alsace&ouNbCar=6&quiQuoiNbCar=&acOuSollicitee=1&rangOu=2&sourceOu=TOP&typeOu=Region&nbPropositionOuTop=5&nbPropositionOuHisto=0&acQuiQuoiSollicitee=1&rangQuiQuoi=1&sourceQuiQuoi=HISTORIQUE&typeQuiQuoi=1&idQuiQuoi=7557d667d1b009608ae6f65adb67d363&nbPropositionQuiQuoiTop=0&nbPropositionQuiQuoiHisto=1&nbPropositionQuiQuoiGeo=0&page=60 | M67: https://www.vitrail-paris.fr/ | N67: 2020-01-29T10:25:15.984401 | O67: pages-jaunes-search
A68: MEIGNANT ORDOUX ISABELLE | B68: 05 61 22 60 31 , 06 88 98 08 25 | C68: 05 61 22 60 31 , 06 88 98 08 25 | D68: 31000TOULOUSE | E68: formation continue , ,Prestations : ,Praticien/superviseur EMDR, Spécialisation enfants/adolescents, Masterclass EMDR, Validation scientifique, Modèle psychothérapeutique , ,Réseaux : ,EFPE | F68: [] | G68: https:https://www.pagesjaunes.fr/media/ugc/meignant_ordoux_03155400_152305683?w=140&h=140&crop=true | I68: [] | J68: https://www.pagesjaunes.fr/pros/detail?bloc_id=FCP51949682700001C0001&no_sequence=1&code_rubrique=64101300 | L68: https://www.pagesjaunes.fr/annuaire/region/alsace/formation?quoiqui=formation&ou=Alsace&univers=pagesjaunes&idOu=R42&ouSaisi=alsace&ouNbCar=6&quiQuoiNbCar=&acOuSollicitee=1&rangOu=2&sourceOu=TOP&typeOu=Region&nbPropositionOuTop=5&nbPropositionOuHisto=0&acQuiQuoiSollicitee=1&rangQuiQuoi=1&sourceQuiQuoi=HISTORIQUE&typeQuiQuoi=1&idQuiQuoi=7557d667d1b009608ae6f65adb67d363&nbPropositionQuiQuoiTop=0&nbPropositionQuiQuoiHisto=1&nbPropositionQuiQuoiGeo=0&page=60 | M68: http://www.facebook.com/efpe31 | N68: 2020-01-29T10:25:16.001029 | O68: pages-jaunes-search
A69: HTTPS:HTTPS://WWW.PAGESJAUNES.FR/MEDIA/VIGNETTE/AAAOCFZWWYPG-C10001.GIF?W=140&H=140&CROP=TRUE | B69: =L69 -> 03 80 34 17 77 , 03 80 34 18 08 | C69: =M69 -> https://www.pagesjaunes.fr/annuaire/region/alsace/formation?quoiqui=formation&ou=Alsace&univers=pagesjaunes&idOu=R42&ouSaisi=alsace&ouNbCar=6&quiQuoiNbCar=&acOuSollicitee=1&rangOu=2&sourceOu=TOP&typeOu=Region&nbPropositionOuTop=5&nbPropositionOuHisto=0&acQuiQuoiSollicitee=1&rangQuiQuoi=1&sourceQuiQuoi=HISTORIQUE&typeQuiQuoi=1&idQuiQuoi=7557d667d1b009608ae6f65adb67d363&nbPropositionQuiQuoiTop=0&nbPropositionQuiQuoiHisto=1&nbPropositionQuiQuoiGeo=0&page=60 | D69: Zone Industrielle | E69: 21220GEVREY CHAMBERTIN | F69: formation professionnelle , ,Prestations : ,Vérification complémentaire pollution, contre-visite, Apprentissage de conduite professionnelle (sur site et sur route ouverte), Exposés théoriques, Mise en pratique √† bord de véhicules, Activités individuelles et collectives, Suivi quantitatif, qualitatif des prestations, conseils pratiques , ,Réseaux : ,Centaure, Autosur | G69: [] | I69: Centaure Grand Est | J69: =L69 -> 03 80 34 17 77 , 03 80 34 18 08 | L69: 03 80 34 17 77 , 03 80 34 18 08 | M69: https://www.pagesjaunes.fr/annuaire/region/alsace/formation?quoiqui=formation&ou=Alsace&univers=pagesjaunes&idOu=R42&ouSaisi=alsace&ouNbCar=6&quiQuoiNbCar=&acOuSollicitee=1&rangOu=2&sourceOu=TOP&typeOu=Region&nbPropositionOuTop=5&nbPropositionOuHisto=0&acQuiQuoiSollicitee=1&rangQuiQuoi=1&sourceQuiQuoi=HISTORIQUE&typeQuiQuoi=1&idQuiQuoi=7557d667d1b009608ae6f65adb67d363&nbPropositionQuiQuoiTop=0&nbPropositionQuiQuoiHisto=1&nbPropositionQuiQuoiGeo=0&page=60 | N69: http://www.grand-est.centaure.com | O69: 2020-01-29T10:25:16.017479 | P69: pages-jaunes-search
A70: GRIEPS | B70: 04 72 66 20 30 , 04 72 66 20 44 | C70: 04 72 66 20 30 , 04 72 66 20 44 | D70: 69007LYON | E70: formation continue | F70: [] | G70: [] | I70: [] | J70: https://www.pagesjaunes.fr/pros/detail?bloc_id=00594309000001C0001&no_sequence=1&code_rubrique=64101300 | L70: https://www.pagesjaunes.fr/annuaire/region/alsace/formation?quoiqui=formation&ou=Alsace&univers=pagesjaunes&idOu=R42&ouSaisi=alsace&ouNbCar=6&quiQuoiNbCar=&acOuSollicitee=1&rangOu=2&sourceOu=TOP&typeOu=Region&nbPropositionOuTop=5&nbPropositionOuHisto=0&acQuiQuoiSollicitee=1&rangQuiQuoi=1&sourceQuiQuoi=HISTORIQUE&typeQuiQuoi=1&idQuiQuoi=7557d667d1b009608ae6f65adb67d363&nbPropositionQuiQuoiTop=0&nbPropositionQuiQuoiHisto=1&nbPropositionQuiQuoiGeo=0&page=60 | M70: http://www.grieps.fr | N70: 2020-01-29T10:25:16.037769 | O70: pages-jaunes-search
A71: INSTITUT DE FORMATION AIDES-SOIGNANTS | B71: 03 88 71 62 46 , 03 88 71 62 66 | C71: 03 88 71 62 46 , 03 88 71 62 66 | D71: 67340INGWILLER | E71: enseignement : social, paramédical , ,Prestations : ,école d'aide-soignant | F71: [] | G71: [] | I71: 1 | J71: https://www.pagesjaunes.fr/pros/00523543 | L71: https://www.pagesjaunes.fr/annuaire/region/alsace/formation?quoiqui=formation&ou=Alsace&univers=pagesjaunes&idOu=R42&ouSaisi=alsace&ouNbCar=6&quiQuoiNbCar=&acOuSollicitee=1&rangOu=2&sourceOu=TOP&typeOu=Region&nbPropositionOuTop=5&nbPropositionOuHisto=0&acQuiQuoiSollicitee=1&rangQuiQuoi=1&sourceQuiQuoi=HISTORIQUE&typeQuiQuoi=1&idQuiQuoi=7557d667d1b009608ae6f65adb67d363&nbPropositionQuiQuoiTop=0&nbPropositionQuiQuoiHisto=1&nbPropositionQuiQuoiGeo=0&page=59 | M71: http://www.diaconat-formation.fr | N71: 2020-01-29T10:25:17.692293 | O71: pages-jaunes-search
A72: UNITE DEVELOPPEMENT DES PREMIERS SECOURS DU HAUT RHIN | B72: 03 89 79 12 72 | C72: 03 89 79 12 72 | D72: 68000COLMAR | E72: formation professionnelle | F72: [] | G72: [] | I72: [] | J72: https://www.pagesjaunes.fr/pros/detail?bloc_id=53478781700001C0001&no_sequence=1&code_rubrique=00000634 | L72: https://www.pagesjaunes.fr/annuaire/region/alsace/formation?quoiqui=formation&ou=Alsace&univers=pagesjaunes&idOu=R42&ouSaisi=alsace&ouNbCar=6&quiQuoiNbCar=&acOuSollicitee=1&rangOu=2&sourceOu=TOP&typeOu=Region&nbPropositionOuTop=5&nbPropositionOuHisto=0&acQuiQuoiSollicitee=1&rangQuiQuoi=1&sourceQuiQuoi=HISTORIQUE&typeQuiQuoi=1&idQuiQuoi=7557d667d1b009608ae6f65adb67d363&nbPropositionQuiQuoiTop=0&nbPropositionQuiQuoiHisto=1&nbPropositionQuiQuoiGeo=0&page=59 | M72: http://udps68.fr | N72: 2020-01-29T10:25:17.709635 | O72: pages-jaunes-search
A73: SIALELLI GHISLAINE | B73: 03 89 68 25 53 | C73: 03 89 68 25 53 | D73: 68870BARTENHEIM | E73: formation continue | F73: [] | G73: [] | I73: [] | J73: https://www.pagesjaunes.fr/pros/51229834 | L73: https://www.pagesjaunes.fr/annuaire/region/alsace/formation?quoiqui=formation&ou=Alsace&univers=pagesjaunes&idOu=R42&ouSaisi=alsace&ouNbCar=6&quiQuoiNbCar=&acOuSollicitee=1&rangOu=2&sourceOu=TOP&typeOu=Region&nbPropositionOuTop=5&nbPropositionOuHisto=0&acQuiQuoiSollicitee=1&rangQuiQuoi=1&sourceQuiQuoi=HISTORIQUE&typeQuiQuoi=1&idQuiQuoi=7557d667d1b009608ae6f65adb67d363&nbPropositionQuiQuoiTop=0&nbPropositionQuiQuoiHisto=1&nbPropositionQuiQuoiGeo=0&page=59 | M73: [] | N73: 2020-01-29T10:25:17.726360 | O73: pages-jaunes-search
A74: RAPP ALINE | B74: 07 60 85 22 16 | C74: 07 60 85 22 16 | D74: 67000STRASBOURG | E74: formation continue | F74: [] | G74: [] | I74: [] | J74: https://www.pagesjaunes.fr/pros/55154184 | L74: https://www.pagesjaunes.fr/annuaire/region/alsace/formation?quoiqui=formation&ou=Alsace&univers=pagesjaunes&idOu=R42&ouSaisi=alsace&ouNbCar=6&quiQuoiNbCar=&acOuSollicitee=1&rangOu=2&sourceOu=TOP&typeOu=Region&nbPropositionOuTop=5&nbPropositionOuHisto=0&acQuiQuoiSollicitee=1&rangQuiQuoi=1&sourceQuiQuoi=HISTORIQUE&typeQuiQuoi=1&idQuiQuoi=7557d667d1b009608ae6f65adb67d363&nbPropositionQuiQuoiTop=0&nbPropositionQuiQuoiHisto=1&nbPropositionQuiQuoiGeo=0&page=59 | M74: [] | N74: 2020-01-29T10:25:17.742714 | O74: pages-jaunes-search
A75: AP2S FORMATION CONSEIL | B75: 06 51 05 92 56 | C75: 06 51 05 92 56 | D75: 68126BENNWIHR | E75: formation continue | F75: [] | G75: [] | I75: [] | J75: https://www.pagesjaunes.fr/pros/detail?bloc_id=065105925657318839H001C0001&no_sequence=0&code_rubrique=64101300 | L75: https://www.pagesjaunes.fr/annuaire/region/alsace/formation?quoiqui=formation&ou=Alsace&univers=pagesjaunes&idOu=R42&ouSaisi=alsace&ouNbCar=6&quiQuoiNbCar=&acOuSollicitee=1&rangOu=2&sourceOu=TOP&typeOu=Region&nbPropositionOuTop=5&nbPropositionOuHisto=0&acQuiQuoiSollicitee=1&rangQuiQuoi=1&sourceQuiQuoi=HISTORIQUE&typeQuiQuoi=1&idQuiQuoi=7557d667d1b009608ae6f65adb67d363&nbPropositionQuiQuoiTop=0&nbPropositionQuiQuoiHisto=1&nbPropositionQuiQuoiGeo=0&page=59 | M75: http://ap2s-formation.com | N75: 2020-01-29T10:25:17.759134 | O75: pages-jaunes-search
A76: L.R.O. PERFORMANCE 2 | B76: 06 08 52 09 96 | C76: 06 08 52 09 96 | D76: 67610LA WANTZENAU | E76: formation continue | F76: [] | G76: [] | I76: [] | J76: https://www.pagesjaunes.fr/pros/54565391 | L76: https://www.pagesjaunes.fr/annuaire/region/alsace/formation?quoiqui=formation&ou=Alsace&univers=pagesjaunes&idOu=R42&ouSaisi=alsace&ouNbCar=6&quiQuoiNbCar=&acOuSollicitee=1&rangOu=2&sourceOu=TOP&typeOu=Region&nbPropositionOuTop=5&nbPropositionOuHisto=0&acQuiQuoiSollicitee=1&rangQuiQuoi=1&sourceQuiQuoi=HISTORIQUE&typeQuiQuoi=1&idQuiQuoi=7557d667d1b009608ae6f65adb67d363&nbPropositionQuiQuoiTop=0&nbPropositionQuiQuoiHisto=1&nbPropositionQuiQuoiGeo=0&page=59 | M76: [] | N76: 2020-01-29T10:25:17.775442 | O76: pages-jaunes-search
A77: CLAUSS FABIEN | B77: 03 88 96 65 53 | C77: 03 88 96 65 53 | D77: 67610LA WANTZENAU | E77: formation continue | F77: [] | G77: [] | I77: [] | J77: https://www.pagesjaunes.fr/pros/detail?bloc_id=FCP038896655350094687H001C0001&no_sequence=0&code_rubrique=64101300 | L77: https://www.pagesjaunes.fr/annuaire/region/alsace/formation?quoiqui=formation&ou=Alsace&univers=pagesjaunes&idOu=R42&ouSaisi=alsace&ouNbCar=6&quiQuoiNbCar=&acOuSollicitee=1&rangOu=2&sourceOu=TOP&typeOu=Region&nbPropositionOuTop=5&nbPropositionOuHisto=0&acQuiQuoiSollicitee=1&rangQuiQuoi=1&sourceQuiQuoi=HISTORIQUE&typeQuiQuoi=1&idQuiQuoi=7557d667d1b009608ae6f65adb67d363&nbPropositionQuiQuoiTop=0&nbPropositionQuiQuoiHisto=1&nbPropositionQuiQuoiGeo=0&page=59 | M77: [] | N77: 2020-01-29T10:25:17.791795 | O77: pages-jaunes-search
A78: STRALANG | B78: 03 88 31 48 38 | C78: 03 88 31 48 38 | D78: 67000STRASBOURG | E78: formation professionnelle | F78: [] | G78: [] | I78: [] | J78: https://www.pagesjaunes.fr/pros/52084974 | L78: https://www.pagesjaunes.fr/annuaire/region/alsace/formation?quoiqui=formation&ou=Alsace&univers=pagesjaunes&idOu=R42&ouSaisi=alsace&ouNbCar=6&quiQuoiNbCar=&acOuSollicitee=1&rangOu=2&sourceOu=TOP&typeOu=Region&nbPropositionOuTop=5&nbPropositionOuHisto=0&acQuiQuoiSollicitee=1&rangQuiQuoi=1&sourceQuiQuoi=HISTORIQUE&typeQuiQuoi=1&idQuiQuoi=7557d667d1b009608ae6f65adb67d363&nbPropositionQuiQuoiTop=0&nbPropositionQuiQuoiHisto=1&nbPropositionQuiQuoiGeo=0&page=59 | M78: [] | N78: 2020-01-29T10:25:17.808416 | O78: pages-jaunes-search
A79: INSTITUT DES METIERS DE L HABITAT | B79: 07 70 41 54 45 | C79: 07 70 41 54 45 | D79: 67200STRASBOURG | E79: formation continue | F79: [] | G79: [] | I79: [] | J79: https://www.pagesjaunes.fr/pros/detail?bloc_id=077041544500000000C0001&no_sequence=0&code_rubrique=64101300 | L79: https://www.pagesjaunes.fr/annuaire/region/alsace/formation?quoiqui=formation&ou=Alsace&univers=pagesjaunes&idOu=R42&ouSaisi=alsace&ouNbCar=6&quiQuoiNbCar=&acOuSollicitee=1&rangOu=2&sourceOu=TOP&typeOu=Region&nbPropositionOuTop=5&nbPropositionOuHisto=0&acQuiQuoiSollicitee=1&rangQuiQuoi=1&sourceQuiQuoi=HISTORIQUE&typeQuiQuoi=1&idQuiQuoi=7557d667d1b009608ae6f65adb67d363&nbPropositionQuiQuoiTop=0&nbPropositionQuiQuoiHisto=1&nbPropositionQuiQuoiGeo=0&page=59 | M79: [] | N79: 2020-01-29T10:25:17.824624 | O79: pages-jaunes-search
A80: LYCEE JEAN MERMOZ | B80: 03 89 70 22 70 | C80: 03 89 70 22 70 | D80: 68301ST LOUIS CEDEX | E80: apprentissage, formation professionnelle | F80: [] | G80: [] | I80: [] | J80: https://www.pagesjaunes.fr/pros/detail?bloc_id=08T2DRBC0001&no_sequence=4&code_rubrique=00000089 | L80: https://www.pagesjaunes.fr/annuaire/region/alsace/formation?quoiqui=formation&ou=Alsace&univers=pagesjaunes&idOu=R42&ouSaisi=alsace&ouNbCar=6&quiQuoiNbCar=&acOuSollicitee=1&rangOu=2&sourceOu=TOP&typeOu=Region&nbPropositionOuTop=5&nbPropositionOuHisto=0&acQuiQuoiSollicitee=1&rangQuiQuoi=1&sourceQuiQuoi=HISTORIQUE&typeQuiQuoi=1&idQuiQuoi=7557d667d1b009608ae6f65adb67d363&nbPropositionQuiQuoiTop=0&nbPropositionQuiQuoiHisto=1&nbPropositionQuiQuoiGeo=0&page=59 | M80: [] | N80: 2020-01-29T10:25:17.848177 | O80: pages-jaunes-search
A81: AMANN GILBERT | B81: 03 89 48 54 27 | C81: 03 89 48 54 27 | D81: 68740FESSENHEIM | E81: enseignement : professions artistiques | F81: [] | G81: [] | I81: [] | J81: https://www.pagesjaunes.fr/pros/detail?bloc_id=FCP038948542705555113H001C0001&no_sequence=0&code_rubrique=64053400 | L81: https://www.pagesjaunes.fr/annuaire/region/alsace/formation?quoiqui=formation&ou=Alsace&univers=pagesjaunes&idOu=R42&ouSaisi=alsace&ouNbCar=6&quiQuoiNbCar=&acOuSollicitee=1&rangOu=2&sourceOu=TOP&typeOu=Region&nbPropositionOuTop=5&nbPropositionOuHisto=0&acQuiQuoiSollicitee=1&rangQuiQuoi=1&sourceQuiQuoi=HISTORIQUE&typeQuiQuoi=1&idQuiQuoi=7557d667d1b009608ae6f65adb67d363&nbPropositionQuiQuoiTop=0&nbPropositionQuiQuoiHisto=1&nbPropositionQuiQuoiGeo=0&page=59 | M81: [] | N81: 2020-01-29T10:25:17.865211 | O81: pages-jaunes-search
A82: LYCEE DES METIERS JULES VERNE | B82: 03 88 91 24 22 | C82: 03 88 91 24 22 | D82: 67700SAVERNE | E82: apprentissage, formation continue | F82: [] | G82: [] | I82: [] | J82: https://www.pagesjaunes.fr/pros/detail?bloc_id=08TVZSBC0001&no_sequence=2&code_rubrique=00000089 | L82: https://www.pagesjaunes.fr/annuaire/region/alsace/formation?quoiqui=formation&ou=Alsace&univers=pagesjaunes&idOu=R42&ouSaisi=alsace&ouNbCar=6&quiQuoiNbCar=&acOuSollicitee=1&rangOu=2&sourceOu=TOP&typeOu=Region&nbPropositionOuTop=5&nbPropositionOuHisto=0&acQuiQuoiSollicitee=1&rangQuiQuoi=1&sourceQuiQuoi=HISTORIQUE&typeQuiQuoi=1&idQuiQuoi=7557d667d1b009608ae6f65adb67d363&nbPropositionQuiQuoiTop=0&nbPropositionQuiQuoiHisto=1&nbPropositionQuiQuoiGeo=0&page=59 | M82: [] | N82: 2020-01-29T10:25:17.884266 | O82: pages-jaunes-search
A83: STANISLAWSKI EMILIEN-THOMAS | B83: 09 51 66 60 69 | C83: 09 51 66 60 69 | D83: 68120PFASTATT | E83: formation continue | F83: [] | G83: [] | I83: [] | J83: https://www.pagesjaunes.fr/pros/detail?bloc_id=095166606959621691H001C0001&no_sequence=0&code_rubrique=64101300 | L83: https://www.pagesjaunes.fr/annuaire/region/alsace/formation?quoiqui=formation&ou=Alsace&univers=pagesjaunes&idOu=R42&ouSaisi=alsace&ouNbCar=6&quiQuoiNbCar=&acOuSollicitee=1&rangOu=2&sourceOu=TOP&typeOu=Region&nbPropositionOuTop=5&nbPropositionOuHisto=0&acQuiQuoiSollicitee=1&rangQuiQuoi=1&sourceQuiQuoi=HISTORIQUE&typeQuiQuoi=1&idQuiQuoi=7557d667d1b009608ae6f65adb67d363&nbPropositionQuiQuoiTop=0&nbPropositionQuiQuoiHisto=1&nbPropositionQuiQuoiGeo=0&page=59 | M83: [] | N83: 2020-01-29T10:25:17.900553 | O83: pages-jaunes-search
... A85: INHNI STRASBOURG FC | B85: 03 90 20 89 90 | C85: 03 90 20 89 90 | D85: 67200STRASBOURG | E85: formation continue | F85: [] | G85: [] | I85: [] | J85: https://www.pagesjaunes.fr/pros/detail?bloc_id=039020899052555011H001C0001&no_sequence=0&code_rubrique=64101300 | L85: https://www.pagesjaunes.fr/annuaire/region/alsace/formation?quoiqui=formation&ou=Alsace&univers=pagesjaunes&idOu=R42&ouSaisi=alsace&ouNbCar=6&quiQuoiNbCar=&acOuSollicitee=1&rangOu=2&sourceOu=TOP&typeOu=Region&nbPropositionOuTop=5&nbPropositionOuHisto=0&acQuiQuoiSollicitee=1&rangQuiQuoi=1&sourceQuiQuoi=HISTORIQUE&typeQuiQuoi=1&idQuiQuoi=7557d667d1b009608ae6f65adb67d363&nbPropositionQuiQuoiTop=0&nbPropositionQuiQuoiHisto=1&nbPropositionQuiQuoiGeo=0&page=59 | M85: http://www.facebook.com/pages/Inhni-Strasbourg-Fc/272030709909890 | N85: 2020-01-29T10:25:17.933178 | O85: pages-jaunes-search
A86: NATIX SERVICE | B86: 06 95 45 74 78 | C86: 06 95 45 74 78 | D86: 67150ERSTEIN | E86: formation informatique | F86: [] | G86: https:https://www.pagesjaunes.fr/media/ugc/natix_service_06713000_104908655?w=140&h=140&crop=true | I86: 20 | J86: https://www.pagesjaunes.fr/pros/detail?bloc_id=54362565700001C0001&no_sequence=1&code_rubrique=00050230 | L86: https://www.pagesjaunes.fr/annuaire/region/alsace/formation?quoiqui=formation&ou=Alsace&univers=pagesjaunes&idOu=R42&ouSaisi=alsace&ouNbCar=6&quiQuoiNbCar=&acOuSollicitee=1&rangOu=2&sourceOu=TOP&typeOu=Region&nbPropositionOuTop=5&nbPropositionOuHisto=0&acQuiQuoiSollicitee=1&rangQuiQuoi=1&sourceQuiQuoi=HISTORIQUE&typeQuiQuoi=1&idQuiQuoi=7557d667d1b009608ae6f65adb67d363&nbPropositionQuiQuoiTop=0&nbPropositionQuiQuoiHisto=1&nbPropositionQuiQuoiGeo=0&page=59 | M86: http://www.facebook.com/natix.service | N86: 2020-01-29T10:25:17.949609 | O86: pages-jaunes-search
A87: MISSLIN PHILIPPE | B87: 03 88 79 32 59 | C87: 03 88 79 32 59 | D87: 67100STRASBOURG | E87: formation professionnelle | F87: [] | G87: [] | I87: [] | J87: https://www.pagesjaunes.fr/pros/detail?bloc_id=FCP09402618700001C0001&no_sequence=1&code_rubrique=00000634 | L87: https://www.pagesjaunes.fr/annuaire/region/alsace/formation?quoiqui=formation&ou=Alsace&univers=pagesjaunes&idOu=R42&ouSaisi=alsace&ouNbCar=6&quiQuoiNbCar=&acOuSollicitee=1&rangOu=2&sourceOu=TOP&typeOu=Region&nbPropositionOuTop=5&nbPropositionOuHisto=0&acQuiQuoiSollicitee=1&rangQuiQuoi=1&sourceQuiQuoi=HISTORIQUE&typeQuiQuoi=1&idQuiQuoi=7557d667d1b009608ae6f65adb67d363&nbPropositionQuiQuoiTop=0&nbPropositionQuiQuoiHisto=1&nbPropositionQuiQuoiGeo=0&page=59 | M87: http://www.facebook.com/pages/Misslin-Philippe/1329849803768701 | N87: 2020-01-29T10:25:17.965831 | O87: pages-jaunes-search
A88: VITA FORMATION | B88: 03 67 10 04 23 | C88: 03 67 10 04 23 | D88: 67170BRUMATH | E88: formation professionnelle | F88: [] | G88: [] | I88: [] | J88: https://www.pagesjaunes.fr/pros/55107267 | L88: https://www.pagesjaunes.fr/annuaire/region/alsace/formation?quoiqui=formation&ou=Alsace&univers=pagesjaunes&idOu=R42&ouSaisi=alsace&ouNbCar=6&quiQuoiNbCar=&acOuSollicitee=1&rangOu=2&sourceOu=TOP&typeOu=Region&nbPropositionOuTop=5&nbPropositionOuHisto=0&acQuiQuoiSollicitee=1&rangQuiQuoi=1&sourceQuiQuoi=HISTORIQUE&typeQuiQuoi=1&idQuiQuoi=7557d667d1b009608ae6f65adb67d363&nbPropositionQuiQuoiTop=0&nbPropositionQuiQuoiHisto=1&nbPropositionQuiQuoiGeo=0&page=59 | M88: [] | N88: 2020-01-29T10:25:17.982454 | O88: pages-jaunes-search
A89: AJB FORMATION | B89: 09 50 49 24 71 | C89: 09 50 49 24 71 | D89: 88100NEUVILLERS SUR FAVE | E89: formation continue , ,Prestations : ,Formation CACES, sécurité au travail, developpement personnel, Chariots automoteurs √† conducteur porté R 389, Plates formes élévatrices mobiles de personnel (nacelles) R 386, Grue auxiliaire de chargement R 390, Engins de chantier R 372M, Conduite des ponts roulants, portiques et semi-portique √† commande, Sauveteur Secouriste du travail (S.S.T), Sécurité Incendie, manipulation d'extincteurs, Formation des membres du CHSCT, Habilitations électriques, Evaluation des risques professionnels, HACCP, formation de cariste, formation en sécurité, formation en sécurité incendie | F89: [] | G89: https:https://www.pagesjaunes.fr/media/vignette/AAAJPDWWHGAD-C10001.gif?w=140&h=140&crop=true | I89: [] | J89: https://www.pagesjaunes.fr/pros/detail?bloc_id=53277102000003C0001&no_sequence=3&code_rubrique=64101300 | L89: https://www.pagesjaunes.fr/annuaire/region/alsace/formation?quoiqui=formation&ou=Alsace&univers=pagesjaunes&idOu=R42&ouSaisi=alsace&ouNbCar=6&quiQuoiNbCar=&acOuSollicitee=1&rangOu=2&sourceOu=TOP&typeOu=Region&nbPropositionOuTop=5&nbPropositionOuHisto=0&acQuiQuoiSollicitee=1&rangQuiQuoi=1&sourceQuiQuoi=HISTORIQUE&typeQuiQuoi=1&idQuiQuoi=7557d667d1b009608ae6f65adb67d363&nbPropositionQuiQuoiTop=0&nbPropositionQuiQuoiHisto=1&nbPropositionQuiQuoiGeo=0&page=59 | M89: https://www.ajbformation.com | N89: 2020-01-29T10:25:17.998709 | O89: pages-jaunes-search
A90: AJB FORMATION | B90: 09 50 49 24 71 | C90: 09 50 49 24 71 | D90: 88100NEUVILLERS SUR FAVE | E90: formation continue , ,Prestations : ,Formation CACES, sécurité au travail, developpement personnel, Chariots automoteurs √† conducteur porté R 389, Plates formes élévatrices mobiles de personnel (nacelles) R 386, Grue auxiliaire de chargement R 390, Engins de chantier R 372M, Conduite des ponts roulants, portiques et semi-portique √† commande, Sauveteur Secouriste du travail (S.S.T), Sécurité Incendie, manipulation d'extincteurs, Formation des membres du CHSCT, Habilitations électriques, Evaluation des risques professionnels, HACCP | F90: [] | G90: https:https://www.pagesjaunes.fr/media/vignette/AAAJPDWWHGAD-C10001.gif?w=140&h=140&crop=true | I90: [] | J90: https://www.pagesjaunes.fr/pros/detail?bloc_id=53277102000002C0001&no_sequence=3&code_rubrique=64101300 | L90: https://www.pagesjaunes.fr/annuaire/region/alsace/formation?quoiqui=formation&ou=Alsace&univers=pagesjaunes&idOu=R42&ouSaisi=alsace&ouNbCar=6&quiQuoiNbCar=&acOuSollicitee=1&rangOu=2&sourceOu=TOP&typeOu=Region&nbPropositionOuTop=5&nbPropositionOuHisto=0&acQuiQuoiSollicitee=1&rangQuiQuoi=1&sourceQuiQuoi=HISTORIQUE&typeQuiQuoi=1&idQuiQuoi=7557d667d1b009608ae6f65adb67d363&nbPropositionQuiQuoiTop=0&nbPropositionQuiQuoiHisto=1&nbPropositionQuiQuoiGeo=0&page=59 | M90: https://www.ajbformation.com | N90: 2020-01-29T10:25:18.015381 | O90: pages-jaunes-search
A91: MOHACSI-GOROVE ANNA | B91: 06 41 92 68 63 | C91: 06 41 92 68 63 | D91: 67000STRASBOURG | E91: formation informatique, formation professionnelle , ,Prestations : ,Formation bureautique, Formation √† domicile, Formation en entreprise | F91: [] | G91: [] | I91: [] | J91: https://www.pagesjaunes.fr/pros/55825303 | L91: https://www.pagesjaunes.fr/annuaire/region/alsace/formation?quoiqui=formation&ou=Alsace&univers=pagesjaunes&idOu=R42&ouSaisi=alsace&ouNbCar=6&quiQuoiNbCar=&acOuSollicitee=1&rangOu=2&sourceOu=TOP&typeOu=Region&nbPropositionOuTop=5&nbPropositionOuHisto=0&acQuiQuoiSollicitee=1&rangQuiQuoi=1&sourceQuiQuoi=HISTORIQUE&typeQuiQuoi=1&idQuiQuoi=7557d667d1b009608ae6f65adb67d363&nbPropositionQuiQuoiTop=0&nbPropositionQuiQuoiHisto=1&nbPropositionQuiQuoiGeo=0&page=58 | M91: [] | N91: 2020-01-29T10:25:19.688929 | O91: pages-jaunes-search
A92: LUXIMON CHITRASEN | B92: 09 50 09 25 57 | C92: 09 50 09 25 57 | D92: 67201ECKBOLSHEIM | E92: enseignement : organismes de gestion des établissements privés | F92: [] | G92: [] | I92: [] | J92: https://www.pagesjaunes.fr/pros/56092061 | L92: https://www.pagesjaunes.fr/annuaire/region/alsace/formation?quoiqui=formation&ou=Alsace&univers=pagesjaunes&idOu=R42&ouSaisi=alsace&ouNbCar=6&quiQuoiNbCar=&acOuSollicitee=1&rangOu=2&sourceOu=TOP&typeOu=Region&nbPropositionOuTop=5&nbPropositionOuHisto=0&acQuiQuoiSollicitee=1&rangQuiQuoi=1&sourceQuiQuoi=HISTORIQUE&typeQuiQuoi=1&idQuiQuoi=7557d667d1b009608ae6f65adb67d363&nbPropositionQuiQuoiTop=0&nbPropositionQuiQuoiHisto=1&nbPropositionQuiQuoiGeo=0&page=58 | M92: [] | N92: 2020-01-29T10:25:19.706369 | O92: pages-jaunes-search
A93: SUR ASTRID | B93: 03 88 60 11 16 | C93: 03 88 60 11 16 | D93: 67000STRASBOURG | E93: formation continue | F93: [] | G93: [] | I93: [] | J93: https://www.pagesjaunes.fr/pros/detail?bloc_id=FCP038860111606834985H001C0001&no_sequence=0&code_rubrique=64101300 | L93: https://www.pagesjaunes.fr/annuaire/region/alsace/formation?quoiqui=formation&ou=Alsace&univers=pagesjaunes&idOu=R42&ouSaisi=alsace&ouNbCar=6&quiQuoiNbCar=&acOuSollicitee=1&rangOu=2&sourceOu=TOP&typeOu=Region&nbPropositionOuTop=5&nbPropositionOuHisto=0&acQuiQuoiSollicitee=1&rangQuiQuoi=1&sourceQuiQuoi=HISTORIQUE&typeQuiQuoi=1&idQuiQuoi=7557d667d1b009608ae6f65adb67d363&nbPropositionQuiQuoiTop=0&nbPropositionQuiQuoiHisto=1&nbPropositionQuiQuoiGeo=0&page=58 | M93: http://www.facebook.com/pages/Sur-Astrid/423498011337679 | N93: 2020-01-29T10:25:19.723239 | O93: pages-jaunes-search
A94: RESEAU EVENKIT RESEAU EVENKIT | B94: 06 07 09 79 86 | C94: 06 07 09 79 86 | D94: 67960ENTZHEIM | E94: formation continue | F94: [] | G94: [] | I94: [] | J94: https://www.pagesjaunes.fr/pros/detail?bloc_id=060709798650468994H001C0001&no_sequence=0&code_rubrique=64101300 | L94: https://www.pagesjaunes.fr/annuaire/region/alsace/formation?quoiqui=formation&ou=Alsace&univers=pagesjaunes&idOu=R42&ouSaisi=alsace&ouNbCar=6&quiQuoiNbCar=&acOuSollicitee=1&rangOu=2&sourceOu=TOP&typeOu=Region&nbPropositionOuTop=5&nbPropositionOuHisto=0&acQuiQuoiSollicitee=1&rangQuiQuoi=1&sourceQuiQuoi=HISTORIQUE&typeQuiQuoi=1&idQuiQuoi=7557d667d1b009608ae6f65adb67d363&nbPropositionQuiQuoiTop=0&nbPropositionQuiQuoiHisto=1&nbPropositionQuiQuoiGeo=0&page=58 | M94: http://www.evenkit.fr | N94: 2020-01-29T10:25:19.739557 | O94: pages-jaunes-search
A95: JOEL PETER FORMATION | B95: 03 89 39 85 10 | C95: 03 89 39 85 10 | D95: 68116GUEWENHEIM | E95: enseignement : organismes de gestion des établissements privés | F95: [] | G95: [] | I95: [] | J95: https://www.pagesjaunes.fr/pros/54857641 | L95: https://www.pagesjaunes.fr/annuaire/region/alsace/formation?quoiqui=formation&ou=Alsace&univers=pagesjaunes&idOu=R42&ouSaisi=alsace&ouNbCar=6&quiQuoiNbCar=&acOuSollicitee=1&rangOu=2&sourceOu=TOP&typeOu=Region&nbPropositionOuTop=5&nbPropositionOuHisto=0&acQuiQuoiSollicitee=1&rangQuiQuoi=1&sourceQuiQuoi=HISTORIQUE&typeQuiQuoi=1&idQuiQuoi=7557d667d1b009608ae6f65adb67d363&nbPropositionQuiQuoiTop=0&nbPropositionQuiQuoiHisto=1&nbPropositionQuiQuoiGeo=0&page=58 | M95: [] | N95: 2020-01-29T10:25:19.755745 | O95: pages-jaunes-search
A96: SORIS LUDOVIC | B96: 03 89 54 08 97 | C96: 03 89 54 08 97 | D96: 68400RIEDISHEIM | E96: formation continue | F96: [] | G96: [] | I96: [] | J96: https://www.pagesjaunes.fr/pros/55455552 | L96: https://www.pagesjaunes.fr/annuaire/region/alsace/formation?quoiqui=formation&ou=Alsace&univers=pagesjaunes&idOu=R42&ouSaisi=alsace&ouNbCar=6&quiQuoiNbCar=&acOuSollicitee=1&rangOu=2&sourceOu=TOP&typeOu=Region&nbPropositionOuTop=5&nbPropositionOuHisto=0&acQuiQuoiSollicitee=1&rangQuiQuoi=1&sourceQuiQuoi=HISTORIQUE&typeQuiQuoi=1&idQuiQuoi=7557d667d1b009608ae6f65adb67d363&nbPropositionQuiQuoiTop=0&nbPropositionQuiQuoiHisto=1&nbPropositionQuiQuoiGeo=0&page=58 | M96: [] | N96: 2020-01-29T10:25:19.772178 | O96: pages-jaunes-search
A97: GOCKER GERALD | B97: 09 71 50 01 91 | C97: 09 71 50 01 91 | D97: 68240KAYSERSBERG VIGNOBLE | E97: formation continue | F97: [] | G97: [] | I97: [] | J97: https://www.pagesjaunes.fr/pros/detail?bloc_id=FCP097150019150051098H001C0001&no_sequence=0&code_rubrique=64101300 | L97: https://www.pagesjaunes.fr/annuaire/region/alsace/formation?quoiqui=formation&ou=Alsace&univers=pagesjaunes&idOu=R42&ouSaisi=alsace&ouNbCar=6&quiQuoiNbCar=&acOuSollicitee=1&rangOu=2&sourceOu=TOP&typeOu=Region&nbPropositionOuTop=5&nbPropositionOuHisto=0&acQuiQuoiSollicitee=1&rangQuiQuoi=1&sourceQuiQuoi=HISTORIQUE&typeQuiQuoi=1&idQuiQuoi=7557d667d1b009608ae6f65adb67d363&nbPropositionQuiQuoiTop=0&nbPropositionQuiQuoiHisto=1&nbPropositionQuiQuoiGeo=0&page=58 | M97: [] | N97: 2020-01-29T10:25:19.788337 | O97: pages-jaunes-search
A98: FORMATION LANGUES AVANTI | B98: 06 14 02 01 67 | C98: 06 14 02 01 67 | D98: 67110REICHSHOFFEN | E98: formation continue | F98: [] | G98: [] | I98: [] | J98: https://www.pagesjaunes.fr/pros/detail?bloc_id=FCP50433049700001C0001&no_sequence=1&code_rubrique=64101300 | L98: https://www.pagesjaunes.fr/annuaire/region/alsace/formation?quoiqui=formation&ou=Alsace&univers=pagesjaunes&idOu=R42&ouSaisi=alsace&ouNbCar=6&quiQuoiNbCar=&acOuSollicitee=1&rangOu=2&sourceOu=TOP&typeOu=Region&nbPropositionOuTop=5&nbPropositionOuHisto=0&acQuiQuoiSollicitee=1&rangQuiQuoi=1&sourceQuiQuoi=HISTORIQUE&typeQuiQuoi=1&idQuiQuoi=7557d667d1b009608ae6f65adb67d363&nbPropositionQuiQuoiTop=0&nbPropositionQuiQuoiHisto=1&nbPropositionQuiQuoiGeo=0&page=58 | M98: [] | N98: 2020-01-29T10:25:19.804550 | O98: pages-jaunes-search
A99: MEYER JEAN | B99: 03 89 77 34 06 | C99: 03 89 77 34 06 | D99: 68140MUNSTER | E99: enseignement : professions artistiques | F99: [] | G99: [] | I99: [] | J99: https://www.pagesjaunes.fr/pros/detail?bloc_id=FCP038977340650840591H001C0001&no_sequence=0&code_rubrique=64053400 | L99: https://www.pagesjaunes.fr/annuaire/region/alsace/formation?quoiqui=formation&ou=Alsace&univers=pagesjaunes&idOu=R42&ouSaisi=alsace&ouNbCar=6&quiQuoiNbCar=&acOuSollicitee=1&rangOu=2&sourceOu=TOP&typeOu=Region&nbPropositionOuTop=5&nbPropositionOuHisto=0&acQuiQuoiSollicitee=1&rangQuiQuoi=1&sourceQuiQuoi=HISTORIQUE&typeQuiQuoi=1&idQuiQuoi=7557d667d1b009608ae6f65adb67d363&nbPropositionQuiQuoiTop=0&nbPropositionQuiQuoiHisto=1&nbPropositionQuiQuoiGeo=0&page=58 | M99: [] | N99: 2020-01-29T10:25:19.820897 | O99: pages-jaunes-search
A100: COMPUTER ASSISTANCE OBERNAI | B100: 06 98 85 77 74 | C100: 06 98 85 77 74 | D100: 67210OBERNAI | E100: formation informatique | F100: [] | G100: [] | I100: 1 | J100: https://www.pagesjaunes.fr/pros/detail?bloc_id=069885777400000000C0001&no_sequence=0&code_rubrique=00050230 | L100: https://www.pagesjaunes.fr/annuaire/region/alsace/formation?quoiqui=formation&ou=Alsace&univers=pagesjaunes&idOu=R42&ouSaisi=alsace&ouNbCar=6&quiQuoiNbCar=&acOuSollicitee=1&rangOu=2&sourceOu=TOP&typeOu=Region&nbPropositionOuTop=5&nbPropositionOuHisto=0&acQuiQuoiSollicitee=1&rangQuiQuoi=1&sourceQuiQuoi=HISTORIQUE&typeQuiQuoi=1&idQuiQuoi=7557d667d1b009608ae6f65adb67d363&nbPropositionQuiQuoiTop=0&nbPropositionQuiQuoiHisto=1&nbPropositionQuiQuoiGeo=0&page=58 | M100: [] | N100: 2020-01-29T10:25:19.845155 | O100: pages-jaunes-search
A101: LYCEE JEAN MERMOZ | B101: 03 89 70 22 89 | C101: 03 89 70 22 89 | D101: 68300SAINT LOUIS | E101: formation professionnelle | F101: [] | G101: [] | I101: [] | J101: https://www.pagesjaunes.fr/pros/08596366 | L101: https://www.pagesjaunes.fr/annuaire/region/alsace/formation?quoiqui=formation&ou=Alsace&univers=pagesjaunes&idOu=R42&ouSaisi=alsace&ouNbCar=6&quiQuoiNbCar=&acOuSollicitee=1&rangOu=2&sourceOu=TOP&typeOu=Region&nbPropositionOuTop=5&nbPropositionOuHisto=0&acQuiQuoiSollicitee=1&rangQuiQuoi=1&sourceQuiQuoi=HISTORIQUE&typeQuiQuoi=1&idQuiQuoi=7557d667d1b009608ae6f65adb67d363&nbPropositionQuiQuoiTop=0&nbPropositionQuiQuoiHisto=1&nbPropositionQuiQuoiGeo=0&page=58 | M101: [] | N101: 2020-01-29T10:25:19.861622 | O101: pages-jaunes-search
A102: GULLY RAYMOND | B102: 03 89 82 66 30 | C102: 03 89 82 66 30 | D102: 68470MITZACH | E102: formation continue | F102: [] | G102: [] | I102: [] | J102: https://www.pagesjaunes.fr/pros/56338842 | L102: https://www.pagesjaunes.fr/annuaire/region/alsace/formation?quoiqui=formation&ou=Alsace&univers=pagesjaunes&idOu=R42&ouSaisi=alsace&ouNbCar=6&quiQuoiNbCar=&acOuSollicitee=1&rangOu=2&sourceOu=TOP&typeOu=Region&nbPropositionOuTop=5&nbPropositionOuHisto=0&acQuiQuoiSollicitee=1&rangQuiQuoi=1&sourceQuiQuoi=HISTORIQUE&typeQuiQuoi=1&idQuiQuoi=7557d667d1b009608ae6f65adb67d363&nbPropositionQuiQuoiTop=0&nbPropositionQuiQuoiHisto=1&nbPropositionQuiQuoiGeo=0&page=58 | M102: [] | N102: 2020-01-29T10:25:19.877795 | O102: pages-jaunes-search
A103: L'AKADEMY KOEHLER | B103: 03 67 12 01 08 | C103: 03 67 12 01 08 | D103: 67590SCHWEIGHOUSE SUR MODER | E103: formation professionnelle , ,Prestations : ,formation pour adulte, formation en bureautique, formation en communication, CAP coiffure | F103: [] | G103: https:https://www.pagesjaunes.fr/media/ugc/l_akademy_koehler_06745800_132556455?w=140&h=140&crop=true | I103: [] | J103: https://www.pagesjaunes.fr/pros/detail?bloc_id=57561451700001C0001&no_sequence=1&code_rubrique=00000634 | L103: https://www.pagesjaunes.fr/annuaire/region/alsace/formation?quoiqui=formation&ou=Alsace&univers=pagesjaunes&idOu=R42&ouSaisi=alsace&ouNbCar=6&quiQuoiNbCar=&acOuSollicitee=1&rangOu=2&sourceOu=TOP&typeOu=Region&nbPropositionOuTop=5&nbPropositionOuHisto=0&acQuiQuoiSollicitee=1&rangQuiQuoi=1&sourceQuiQuoi=HISTORIQUE&typeQuiQuoi=1&idQuiQuoi=7557d667d1b009608ae6f65adb67d363&nbPropositionQuiQuoiTop=0&nbPropositionQuiQuoiHisto=1&nbPropositionQuiQuoiGeo=0&page=58 | M103: http://www.facebook.com/profile.php?id=473703906311174 | N103: 2020-01-29T10:25:19.894026 | O103: pages-jaunes-search
A104: TEMPUS & CARRIERES | B104: 03 88 13 48 38 | C104: 03 88 13 48 38 | D104: 67000STRASBOURG | E104: formation continue | F104: [] | G104: [] | I104: [] | J104: https://www.pagesjaunes.fr/pros/54308402 | L104: https://www.pagesjaunes.fr/annuaire/region/alsace/formation?quoiqui=formation&ou=Alsace&univers=pagesjaunes&idOu=R42&ouSaisi=alsace&ouNbCar=6&quiQuoiNbCar=&acOuSollicitee=1&rangOu=2&sourceOu=TOP&typeOu=Region&nbPropositionOuTop=5&nbPropositionOuHisto=0&acQuiQuoiSollicitee=1&rangQuiQuoi=1&sourceQuiQuoi=HISTORIQUE&typeQuiQuoi=1&idQuiQuoi=7557d667d1b009608ae6f65adb67d363&nbPropositionQuiQuoiTop=0&nbPropositionQuiQuoiHisto=1&nbPropositionQuiQuoiGeo=0&page=58 | M104: [] | N104: 2020-01-29T10:25:19.910758 | O104: pages-jaunes-search
A105: AS FORMATION | B105: 03 90 40 91 21 | C105: 03 90 40 91 21 | D105: 67120MOLSHEIM | E105: formation continue | F105: [] | G105: https:https://www.pagesjaunes.fr/media/ugc/as_formation_molsheim_centre_de_molsheim_112722765?w=140&h=140&crop=true | I105: [] | J105: https://www.pagesjaunes.fr/pros/detail?bloc_id=09286984700001C0001&no_sequence=1&code_rubrique=64101300 | L105: https://www.pagesjaunes.fr/annuaire/region/alsace/formation?quoiqui=formation&ou=Alsace&univers=pagesjaunes&idOu=R42&ouSaisi=alsace&ouNbCar=6&quiQuoiNbCar=&acOuSollicitee=1&rangOu=2&sourceOu=TOP&typeOu=Region&nbPropositionOuTop=5&nbPropositionOuHisto=0&acQuiQuoiSollicitee=1&rangQuiQuoi=1&sourceQuiQuoi=HISTORIQUE&typeQuiQuoi=1&idQuiQuoi=7557d667d1b009608ae6f65adb67d363&nbPropositionQuiQuoiTop=0&nbPropositionQuiQuoiHisto=1&nbPropositionQuiQuoiGeo=0&page=58 | M105: http://www.as-formation.fr | N105: 2020-01-29T10:25:19.927115 | O105: pages-jaunes-search
A106: ICEF SARL | B106: 03 89 42 67 32 | C106: 03 89 42 67 32 | D106: 68100MULHOUSE | E106: formation continue | F106: [] | G106: [] | I106: [] | J106: https://www.pagesjaunes.fr/pros/detail?bloc_id=FCP54200133700001C0001&no_sequence=1&code_rubrique=64101300 | L106: https://www.pagesjaunes.fr/annuaire/region/alsace/formation?quoiqui=formation&ou=Alsace&univers=pagesjaunes&idOu=R42&ouSaisi=alsace&ouNbCar=6&quiQuoiNbCar=&acOuSollicitee=1&rangOu=2&sourceOu=TOP&typeOu=Region&nbPropositionOuTop=5&nbPropositionOuHisto=0&acQuiQuoiSollicitee=1&rangQuiQuoi=1&sourceQuiQuoi=HISTORIQUE&typeQuiQuoi=1&idQuiQuoi=7557d667d1b009608ae6f65adb67d363&nbPropositionQuiQuoiTop=0&nbPropositionQuiQuoiHisto=1&nbPropositionQuiQuoiGeo=0&page=58 | M106: [] | N106: 2020-01-29T10:25:19.943530 | O106: pages-jaunes-search
A107: ELAN FORMATION | B107: 03 88 30 78 30 | C107: 03 88 30 78 30 | D107: 67500HAGUENAU | E107: formation continue | F107: [] | G107: [] | I107: [] | J107: https://www.pagesjaunes.fr/pros/detail?bloc_id=FCP55743991700001C0001&no_sequence=1&code_rubrique=64101300 | L107: https://www.pagesjaunes.fr/annuaire/region/alsace/formation?quoiqui=formation&ou=Alsace&univers=pagesjaunes&idOu=R42&ouSaisi=alsace&ouNbCar=6&quiQuoiNbCar=&acOuSollicitee=1&rangOu=2&sourceOu=TOP&typeOu=Region&nbPropositionOuTop=5&nbPropositionOuHisto=0&acQuiQuoiSollicitee=1&rangQuiQuoi=1&sourceQuiQuoi=HISTORIQUE&typeQuiQuoi=1&idQuiQuoi=7557d667d1b009608ae6f65adb67d363&nbPropositionQuiQuoiTop=0&nbPropositionQuiQuoiHisto=1&nbPropositionQuiQuoiGeo=0&page=58 | M107: http://www.elan-formation.fr | N107: 2020-01-29T10:25:19.959612 | O107: pages-jaunes-search
A108: REINHART JEAN | B108: 06 79 71 90 16 | C108: 06 79 71 90 16 | D108: 68640MUESPACH LE HAUT | E108: enseignement : professions artistiques | F108: [] | G108: [] | I108: [] | J108: https://www.pagesjaunes.fr/pros/52003407 | L108: https://www.pagesjaunes.fr/annuaire/region/alsace/formation?quoiqui=formation&ou=Alsace&univers=pagesjaunes&idOu=R42&ouSaisi=alsace&ouNbCar=6&quiQuoiNbCar=&acOuSollicitee=1&rangOu=2&sourceOu=TOP&typeOu=Region&nbPropositionOuTop=5&nbPropositionOuHisto=0&acQuiQuoiSollicitee=1&rangQuiQuoi=1&sourceQuiQuoi=HISTORIQUE&typeQuiQuoi=1&idQuiQuoi=7557d667d1b009608ae6f65adb67d363&nbPropositionQuiQuoiTop=0&nbPropositionQuiQuoiHisto=1&nbPropositionQuiQuoiGeo=0&page=58 | M108: [] | N108: 2020-01-29T10:25:19.976353 | O108: pages-jaunes-search
A109: L ASS MUSICALE SCHWEIGHOUSE ENVIRONS | B109: 06 99 05 98 31 | C109: 06 99 05 98 31 | D109: 67350UHLWILLER | E109: enseignement : professions artistiques | F109: [] | G109: [] | I109: [] | J109: https://www.pagesjaunes.fr/pros/51770137 | L109: https://www.pagesjaunes.fr/annuaire/region/alsace/formation?quoiqui=formation&ou=Alsace&univers=pagesjaunes&idOu=R42&ouSaisi=alsace&ouNbCar=6&quiQuoiNbCar=&acOuSollicitee=1&rangOu=2&sourceOu=TOP&typeOu=Region&nbPropositionOuTop=5&nbPropositionOuHisto=0&acQuiQuoiSollicitee=1&rangQuiQuoi=1&sourceQuiQuoi=HISTORIQUE&typeQuiQuoi=1&idQuiQuoi=7557d667d1b009608ae6f65adb67d363&nbPropositionQuiQuoiTop=0&nbPropositionQuiQuoiHisto=1&nbPropositionQuiQuoiGeo=0&page=58 | M109: [] | N109: 2020-01-29T10:25:19.992668 | O109: pages-jaunes-search
A110: RYDER JANE ELIZABETH | B110: 09 83 40 43 09 | C110: 09 83 40 43 09 | D110: 67140BARR | E110: formation continue | F110: [] | G110: [] | I110: [] | J110: https://www.pagesjaunes.fr/pros/56175028 | L110: https://www.pagesjaunes.fr/annuaire/region/alsace/formation?quoiqui=formation&ou=Alsace&univers=pagesjaunes&idOu=R42&ouSaisi=alsace&ouNbCar=6&quiQuoiNbCar=&acOuSollicitee=1&rangOu=2&sourceOu=TOP&typeOu=Region&nbPropositionOuTop=5&nbPropositionOuHisto=0&acQuiQuoiSollicitee=1&rangQuiQuoi=1&sourceQuiQuoi=HISTORIQUE&typeQuiQuoi=1&idQuiQuoi=7557d667d1b009608ae6f65adb67d363&nbPropositionQuiQuoiTop=0&nbPropositionQuiQuoiHisto=1&nbPropositionQuiQuoiGeo=0&page=58 | M110: [] | N110: 2020-01-29T10:25:20.008702 | O110: pages-jaunes-search
A111: CTRE EDUC MUSICALE CULT ROBER | B111: 06 86 46 98 81 | C111: 06 86 46 98 81 | D111: 67000STRASBOURG | E111: enseignement : professions artistiques | F111: [] | G111: [] | I111: [] | J111: https://www.pagesjaunes.fr/pros/04120620 | L111: https://www.pagesjaunes.fr/annuaire/region/alsace/formation?quoiqui=formation&ou=Alsace&univers=pagesjaunes&idOu=R42&ouSaisi=alsace&ouNbCar=6&quiQuoiNbCar=&acOuSollicitee=1&rangOu=2&sourceOu=TOP&typeOu=Region&nbPropositionOuTop=5&nbPropositionOuHisto=0&acQuiQuoiSollicitee=1&rangQuiQuoi=1&sourceQuiQuoi=HISTORIQUE&typeQuiQuoi=1&idQuiQuoi=7557d667d1b009608ae6f65adb67d363&nbPropositionQuiQuoiTop=0&nbPropositionQuiQuoiHisto=1&nbPropositionQuiQuoiGeo=0&page=57 | M111: [] | N111: 2020-01-29T10:25:21.656026 | O111: pages-jaunes-search
A112: ACADEMY SERGE COMTESSE | B112: 03 90 41 04 10 | C112: 03 90 41 04 10 | D112: 67000STRASBOURG | E112: formation continue, enseignement : coiffure, esthétique | F112: [] | G112: [] | I112: [] | J112: https://www.pagesjaunes.fr/pros/detail?bloc_id=FCP08623549700001C0001&no_sequence=1&code_rubrique=64101300 | L112: https://www.pagesjaunes.fr/annuaire/region/alsace/formation?quoiqui=formation&ou=Alsace&univers=pagesjaunes&idOu=R42&ouSaisi=alsace&ouNbCar=6&quiQuoiNbCar=&acOuSollicitee=1&rangOu=2&sourceOu=TOP&typeOu=Region&nbPropositionOuTop=5&nbPropositionOuHisto=0&acQuiQuoiSollicitee=1&rangQuiQuoi=1&sourceQuiQuoi=HISTORIQUE&typeQuiQuoi=1&idQuiQuoi=7557d667d1b009608ae6f65adb67d363&nbPropositionQuiQuoiTop=0&nbPropositionQuiQuoiHisto=1&nbPropositionQuiQuoiGeo=0&page=57 | M112: http://www.facebook.com/LICE-Serge-Comtesse-191500914207075 | N112: 2020-01-29T10:25:21.673237 | O112: pages-jaunes-search
... A128: PLATEFORME DE FORMATION DU PAYS DE THANN | B128: 03 89 35 70 71 | C128: 03 89 35 70 71 | D128: 68800VIEUX THANN | E128: formation continue | F128: [] | G128: [] | I128: [] | J128: https://www.pagesjaunes.fr/pros/54215345 | L128: https://www.pagesjaunes.fr/annuaire/region/alsace/formation?quoiqui=formation&ou=Alsace&univers=pagesjaunes&idOu=R42&ouSaisi=alsace&ouNbCar=6&quiQuoiNbCar=&acOuSollicitee=1&rangOu=2&sourceOu=TOP&typeOu=Region&nbPropositionOuTop=5&nbPropositionOuHisto=0&acQuiQuoiSollicitee=1&rangQuiQuoi=1&sourceQuiQuoi=HISTORIQUE&typeQuiQuoi=1&idQuiQuoi=7557d667d1b009608ae6f65adb67d363&nbPropositionQuiQuoiTop=0&nbPropositionQuiQuoiHisto=1&nbPropositionQuiQuoiGeo=0&page=57 | M128: [] | N128: 2020-01-29T10:25:21.946679 | O128: pages-jaunes-search
A129: HTTPS:HTTPS://WWW.PAGESJAUNES.FR/MEDIA/UGC/C_O_D_E_F_FORMATION_06834800_083907707?W=140&H=140&CROP=TRUE | B129: =L129 -> 03 89 37 88 17 | C129: =M129 -> https://www.pagesjaunes.fr/annuaire/region/alsace/formation?quoiqui=formation&ou=Alsace&univers=pagesjaunes&idOu=R42&ouSaisi=alsace&ouNbCar=6&quiQuoiNbCar=&acOuSollicitee=1&rangOu=2&sourceOu=TOP&typeOu=Region&nbPropositionOuTop=5&nbPropositionOuHisto=0&acQuiQuoiSollicitee=1&rangQuiQuoi=1&sourceQuiQuoi=HISTORIQUE&typeQuiQuoi=1&idQuiQuoi=7557d667d1b009608ae6f65adb67d363&nbPropositionQuiQuoiTop=0&nbPropositionQuiQuoiHisto=1&nbPropositionQuiQuoiGeo=0&page=57 | D129: ZI | E129: 68800VIEUX THANN | F129: formation sécurité incendie | G129: [] | I129: C.O.D.E.F. Formation | J129: =L129 -> 03 89 37 88 17 | L129: 03 89 37 88 17 | M129: https://www.pagesjaunes.fr/annuaire/region/alsace/formation?quoiqui=formation&ou=Alsace&univers=pagesjaunes&idOu=R42&ouSaisi=alsace&ouNbCar=6&quiQuoiNbCar=&acOuSollicitee=1&rangOu=2&sourceOu=TOP&typeOu=Region&nbPropositionOuTop=5&nbPropositionOuHisto=0&acQuiQuoiSollicitee=1&rangQuiQuoi=1&sourceQuiQuoi=HISTORIQUE&typeQuiQuoi=1&idQuiQuoi=7557d667d1b009608ae6f65adb67d363&nbPropositionQuiQuoiTop=0&nbPropositionQuiQuoiHisto=1&nbPropositionQuiQuoiGeo=0&page=57 | N129: http://www.codef-formation.fr | O129: 2020-01-29T10:25:21.963303 | P129: pages-jaunes-search
A130: ETUDES & REALISATIONS TOUTES FORMATION (ERTF) | B130: 03 89 24 07 68 | C130: 03 89 24 07 68 | D130: 68000COLMAR | E130: formation continue, formation professionnelle | F130: [] | G130: [] | I130: [] | J130: https://www.pagesjaunes.fr/pros/58511771 | L130: https://www.pagesjaunes.fr/annuaire/region/alsace/formation?quoiqui=formation&ou=Alsace&univers=pagesjaunes&idOu=R42&ouSaisi=alsace&ouNbCar=6&quiQuoiNbCar=&acOuSollicitee=1&rangOu=2&sourceOu=TOP&typeOu=Region&nbPropositionOuTop=5&nbPropositionOuHisto=0&acQuiQuoiSollicitee=1&rangQuiQuoi=1&sourceQuiQuoi=HISTORIQUE&typeQuiQuoi=1&idQuiQuoi=7557d667d1b009608ae6f65adb67d363&nbPropositionQuiQuoiTop=0&nbPropositionQuiQuoiHisto=1&nbPropositionQuiQuoiGeo=0&page=57 | M130: [] | N130: 2020-01-29T10:25:21.979590 | O130: pages-jaunes-search
A131: SALON DE COIFFURE SERGE COMTESSE | B131: 03 88 50 11 38 | C131: 03 88 50 11 38 | D131: 67190DINSHEIM SUR BRUCHE | E131: enseignement : coiffure, esthétique | F131: [] | G131: [] | I131: [] | J131: https://www.pagesjaunes.fr/pros/detail?bloc_id=FCP038850113806198624H001C0001&no_sequence=0&code_rubrique=64050800 | L131: https://www.pagesjaunes.fr/annuaire/region/alsace/formation?quoiqui=formation&ou=Alsace&univers=pagesjaunes&idOu=R42&ouSaisi=alsace&ouNbCar=6&quiQuoiNbCar=&acOuSollicitee=1&rangOu=2&sourceOu=TOP&typeOu=Region&nbPropositionOuTop=5&nbPropositionOuHisto=0&acQuiQuoiSollicitee=1&rangQuiQuoi=1&sourceQuiQuoi=HISTORIQUE&typeQuiQuoi=1&idQuiQuoi=7557d667d1b009608ae6f65adb67d363&nbPropositionQuiQuoiTop=0&nbPropositionQuiQuoiHisto=1&nbPropositionQuiQuoiGeo=0&page=56 | M131: http://www.sergecomtesse.fr/salon-de-coiffure-dinsheim | N131: 2020-01-29T10:25:23.377548 | O131: pages-jaunes-search
A132: PROJETS DE VIE | B132: 06 78 94 65 90 | C132: 06 78 94 65 90 | D132: 68000COLMAR | E132: formation professionnelle | F132: [] | G132: https:https://www.pagesjaunes.fr/media/ugc/projets_de_vie_06806600_092648994?w=140&h=140&crop=true | I132: [] | J132: https://www.pagesjaunes.fr/pros/detail?bloc_id=067894659000000000C0001&no_sequence=0&code_rubrique=00000634 | L132: https://www.pagesjaunes.fr/annuaire/region/alsace/formation?quoiqui=formation&ou=Alsace&univers=pagesjaunes&idOu=R42&ouSaisi=alsace&ouNbCar=6&quiQuoiNbCar=&acOuSollicitee=1&rangOu=2&sourceOu=TOP&typeOu=Region&nbPropositionOuTop=5&nbPropositionOuHisto=0&acQuiQuoiSollicitee=1&rangQuiQuoi=1&sourceQuiQuoi=HISTORIQUE&typeQuiQuoi=1&idQuiQuoi=7557d667d1b009608ae6f65adb67d363&nbPropositionQuiQuoiTop=0&nbPropositionQuiQuoiHisto=1&nbPropositionQuiQuoiGeo=0&page=56 | M132: [] | N132: 2020-01-29T10:25:23.395130 | O132: pages-jaunes-search
A133: EASY ENGLISH ALSACE | B133: 07 68 45 71 38 | C133: 07 68 45 71 38 | D133: 68000COLMAR | E133: formation continue, formation professionnelle | F133: [] | G133: [] | I133: [] | J133: https://www.pagesjaunes.fr/pros/58592893 | L133: https://www.pagesjaunes.fr/annuaire/region/alsace/formation?quoiqui=formation&ou=Alsace&univers=pagesjaunes&idOu=R42&ouSaisi=alsace&ouNbCar=6&quiQuoiNbCar=&acOuSollicitee=1&rangOu=2&sourceOu=TOP&typeOu=Region&nbPropositionOuTop=5&nbPropositionOuHisto=0&acQuiQuoiSollicitee=1&rangQuiQuoi=1&sourceQuiQuoi=HISTORIQUE&typeQuiQuoi=1&idQuiQuoi=7557d667d1b009608ae6f65adb67d363&nbPropositionQuiQuoiTop=0&nbPropositionQuiQuoiHisto=1&nbPropositionQuiQuoiGeo=0&page=56 | M133: [] | N133: 2020-01-29T10:25:23.411944 | O133: pages-jaunes-search
A134: ASSISTANCE CONCEPT | B134: 03 88 73 48 76 | C134: 03 88 73 48 76 | D134: 67250SOULTZ SOUS FOR√äTS | E134: formation professionnelle | F134: [] | G134: [] | I134: [] | J134: https://www.pagesjaunes.fr/pros/detail?bloc_id=FCP08514366700001C0001&no_sequence=1&code_rubrique=00000634 | L134: https://www.pagesjaunes.fr/annuaire/region/alsace/formation?quoiqui=formation&ou=Alsace&univers=pagesjaunes&idOu=R42&ouSaisi=alsace&ouNbCar=6&quiQuoiNbCar=&acOuSollicitee=1&rangOu=2&sourceOu=TOP&typeOu=Region&nbPropositionOuTop=5&nbPropositionOuHisto=0&acQuiQuoiSollicitee=1&rangQuiQuoi=1&sourceQuiQuoi=HISTORIQUE&typeQuiQuoi=1&idQuiQuoi=7557d667d1b009608ae6f65adb67d363&nbPropositionQuiQuoiTop=0&nbPropositionQuiQuoiHisto=1&nbPropositionQuiQuoiGeo=0&page=56 | M134: http://www.assistance-concept.com | N134: 2020-01-29T10:25:23.429717 | O134: pages-jaunes-search
A135: ASSOCIATION L'ATELIER | B135: 03 88 06 02 26 | C135: 03 88 06 02 26 | D135: 67500HAGUENAU | E135: formation continue | F135: [] | G135: [] | I135: [] | J135: https://www.pagesjaunes.fr/pros/07613264 | L135: https://www.pagesjaunes.fr/annuaire/region/alsace/formation?quoiqui=formation&ou=Alsace&univers=pagesjaunes&idOu=R42&ouSaisi=alsace&ouNbCar=6&quiQuoiNbCar=&acOuSollicitee=1&rangOu=2&sourceOu=TOP&typeOu=Region&nbPropositionOuTop=5&nbPropositionOuHisto=0&acQuiQuoiSollicitee=1&rangQuiQuoi=1&sourceQuiQuoi=HISTORIQUE&typeQuiQuoi=1&idQuiQuoi=7557d667d1b009608ae6f65adb67d363&nbPropositionQuiQuoiTop=0&nbPropositionQuiQuoiHisto=1&nbPropositionQuiQuoiGeo=0&page=56 | M135: [] | N135: 2020-01-29T10:25:23.446095 | O135: pages-jaunes-search
...
